Cogmind - Beta 16.1 @@@ ROGUE MODE // 2026.04.16 @ 05:10:48 Player: KURIIRI Result: Destroyed by Executioner with Helical Railgun Performance ------------- Evolutions (8) 4000 Regions Visited (24) 4800 Robots Destroyed (307) 1535 Value Destroyed (15835) 15835 Prototype IDs (139) 2780 Alien Tech Used (7) 1400 Bonus (10861) 10861 TOTAL SCORE: 41211 Bonus ------- High Alert Combat Kills 2489 Follower Combat Kills 2663 Hunted by Unchained 500 Network Hubs Disabled 400 Registered with UFD 300 Met Optimus in HQ 500 Met Imprinter 300 Built Enhanced Grunts 300 A7 Reached Mainframe 300 Met R17 at Cetus 500 Met R17 at Research 2000 Met Optimus at Protoforge 1000 Friendly Fire -391 Cogmind --------- Core Integrity 0/1450 Matter 300/300 Energy 375/375 System Corruption 17% Temperature Cool (-196) Movement Rolling (80) Ox1 Location -2/Protoforge Parts ------- > --- POWER (2) -------- Reinforced Antimatter Reactor Micro Antimatter Reactor > --- PROPULSION (7) --- Overtuned Huge Scrapsphere Overtuned Huge Scrapsphere Overtuned Huge Scrapsphere > --- UTILITY (10) ----- Advanced Cryofiber Web Large Storage Unit > --- WEAPON (4) ------- Overtuned Quantum Rifle > --- INVENTORY (15) --- Light Quantum Reactor Enhanced Gamma Rifle Overtuned Nova Cannon Overtuned Coil Gun UFD Drillbomb Peak State ------------ > --- POWER ------------ Light Quantum Reactor Improved Quantum Reactor > --- PROPULSION ------- Improved Antigrav System Improved Antigrav System Improved Antigrav System Combat Antigrav System Combat Antigrav System Combat Linear Gravjet Combat Linear Gravjet > --- UTILITY ---------- Experimental Power Amplifier Large Storage Unit Experimental Optical Array Experimental Target Analyzer Experimental Core Analyzer Experimental Kinecellerator Quantum Capacitor Experimental Propulsion Shielding Centrium Medium Armor Plating > --- WEAPON ----------- Enhanced Gamma Rifle Compact HERF Cannon Concept XC Strikerail > --- INVENTORY -------- Light Quantum Reactor Improved Antigrav System Experimental Propulsion Shielding Enhanced Nova Cannon Gamma Bomb Array UFD Drillbomb [Rating: 199] Favorites ----------- Power Subdweller Power Source Engine Subdweller Power Source Power Core Light Fission Core Reactor Light Quantum Reactor Propulsion Gyrokinetic Inverter Treads Spiked Treads Leg Aluminum Leg Wheel Compact Wheel Hover Unit Gyrokinetic Inverter Flight Unit Biomechanical Wings Utility Large Storage Unit Device Structural Scanner Storage Large Storage Unit Processor Advanced Signal Interpreter Hackware Advanced System Shield Protection Medium Armor Plating Artifact Phase Redirector Weapon EM Shotgun Energy Gun EM Shotgun Energy Cannon Cooled Plasma Cannon Ballistic Gun Railgun Ballistic Cannon Enhanced Gauss Cannon Launcher Rocket Launcher Special Weapon Improved Plasma Cutter Impact Weapon Great Maul Slashing Weapon Phasing Sabre Piercing Weapon Enhanced Force Lance Build | -11 -10 -10 -8 -8 -6 -6 -6 -6 -5 -5 -5 -5 -5 -5 -5 -5 -4 -4 -4 -3 -3 -2 -2 -2 ------- Run | Yrd Mat Sub Rec Scr Fac Low Low Zio Pro Fac Was Fac Ext Cet Arc Hub Fac Was Fac Res Arm Res Qua Frg Slots Evolved 16 | . . . . . 8 . . . . 2 . . . . . . 2 . . 2 . 2 . . Power 1 | . . . . . . . . . . . . . . . . . . . . 1 . . . . Propulsion 5 | . . . . . 4 . . . . 1 . . . . . . . . . . . . . . Utility 8 | . . . . . 3 . . . . 1 . . . . . . 2 . . . . 2 . . Weapon 2 | . . . . . 1 . . . . . . . . . . . . . . 1 . . . . Parts Attached 321 | 3 6 11 2 3 26 2 1 2 . 11 2 21 8 7 7 6 23 3 8 40 25 42 10 52 Power 33 | . . 1 . . 2 . . . . 1 . 1 2 . . 1 3 1 1 5 2 4 1 8 Engine 1 | . . 1 . . . . . . . . . . . . . . . . . . . . . . Core 10 | . . . . . 2 . . . . 1 . 1 2 . . 1 2 . . 1 . . . . Reactor 22 | . . . . . . . . . . . . . . . . . 1 1 1 4 2 4 1 8 Propulsion 78 | 2 1 1 . 1 5 . . . . 4 . 9 1 1 2 3 8 . 5 10 7 9 2 7 Treads 6 | 2 . 1 . . . . . . . . . . . 1 . . 2 . . . . . . . Leg . | . . . . . . . . . . . . . . . . . . . . . . . . . Wheel 5 | . 1 . . . . . . . . . . . . . . . . . . . . . . 4 Hover 55 | . . . . . . . . . . 1 . 7 1 . 2 3 6 . 4 10 7 9 2 3 Flight 12 | . . . . 1 5 . . . . 3 . 2 . . . . . . 1 . . . . . Utility 124 | 1 3 2 . . 12 2 . 1 . 4 1 8 2 4 4 1 7 1 2 14 7 19 4 25 Device 60 | 1 . . . . 8 1 . 1 . . . 3 1 1 2 1 4 . 2 7 4 14 . 10 Storage 8 | . 2 . . . 1 . . . . 1 . 1 . . . . . . . 2 . . 1 . Processor 21 | . . . . . 1 . . . . 1 . 1 . . . . 2 1 . 3 2 3 1 6 Hackware 12 | . . . . . 2 . . . . 2 . 2 . 1 2 . . . . 1 . 1 . 1 Protection 22 | . 1 2 . . . 1 . . . . 1 1 1 2 . . 1 . . 1 1 1 1 8 Artifact 1 | . . . . . . . . . . . . . . . . . . . . . . . 1 . Weapon 86 | . 2 7 2 2 7 . 1 1 . 2 1 3 3 2 1 1 5 1 . 11 9 10 3 12 Energy Gun 23 | . 2 2 . 1 1 . . . . . . . . . . . . . . 1 6 7 . 3 Energy Cannon 20 | . . 3 . 1 2 . . . . 1 . 1 . . . . . 1 . 5 . 2 2 2 Ballistic Gun 17 | . . . . . 1 . . . . . . . 2 2 . 1 1 . . 3 3 . . 4 Ballistic Cannon 6 | . . . . . . . . . . . . 1 . . . . 4 . . . . . . 1 Launcher 7 | . . 1 . . . . 1 1 . . 1 . . . . . . . . 1 . . . 2 Special Weapon 2 | . . . . . 1 . . . . . . . 1 . . . . . . . . . . . Impact Weapon 5 | . . 1 2 . 1 . . . . . . 1 . . . . . . . . . . . . Slashing Weapon 5 | . . . . . 1 . . . . 1 . . . . 1 . . . . . . 1 1 . Piercing Weapon 1 | . . . . . . . . . . . . . . . . . . . . 1 . . . . Special Melee Weapon . | . . . . . . . . . . . . . . . . . . . . . . . . . Unidentified Prototypes 49 | . . . . . 2 1 . 2 . 1 2 2 . 3 . . . . . 4 1 6 8 17 Corrupted Parts 3 | . . . . . . . . . . . . . . 3 . . . . . . . . . . System Corruption 18 | . . . . . . . . . . . . . . 18 . . . . . . . . . . Parts Lost 114 | . . 2 . . 1 . . . . 1 . 3 7 2 . 7 5 . 17 3 26 6 2 32 Power 12 | . . . . . . . . . . . . . 1 . . 1 1 . 1 1 4 . . 3 Propulsion 33 | . . . . . 1 . . . . . . 1 4 . . 4 2 . 6 1 4 1 2 7 Utility 42 | . . . . . . . . . . 1 . 2 1 1 . 1 2 . 5 1 10 3 . 15 Weapon 27 | . . 2 . . . . . . . . . . 1 1 . 1 . . 5 . 8 2 . 7 Highest Loss Streak 16 | . . 1 . . 1 . . . . 1 . 1 3 1 . 4 2 . 9 2 16 2 2 7 To Critical Strikes 3 | . . . . . . . . . . . . . . 1 . . . . . . 1 . . 1 Average Backups 13 | 5 11 21 18 19 9 7 7 9 9 12 14 13 12 14 12 13 13 14 11 10 14 10 12 6 Power . | 1 . . . . 1 1 1 1 1 1 1 . 1 3 3 2 2 2 2 . . . 1 . Propulsion 2 | 3 1 3 5 4 1 1 1 1 1 2 6 3 1 . . 2 . 1 1 1 2 . . . Utility 5 | . 3 7 6 7 2 2 2 3 3 3 3 4 5 7 6 6 5 7 5 6 6 7 7 3 Weapon 4 | 1 6 10 5 6 4 2 1 3 3 4 3 3 3 2 2 2 4 3 2 2 3 1 2 2 Tool/Special . | . . . . . . . . . . . . . . . . . . . . . . . . . Unused Backups 107 | . 7 13 1 3 23 . . 1 . 7 2 9 3 3 1 . 4 2 4 12 2 2 6 2 Power 8 | . . 1 . . . . . . . . . 1 . . . . 3 . 1 1 . . 1 . Propulsion 21 | . . . . 1 6 . . . . 3 1 2 1 . 1 . . . 1 3 1 . 1 . Utility 41 | . 2 1 . . 10 . . 1 . 2 1 4 2 2 . . 1 2 2 4 1 2 3 1 Weapon 36 | . 5 11 1 2 7 . . . . 2 . 2 . 1 . . . . . 4 . . . 1 Tool/Special 1 | . . . . . . . . . . . . . . . . . . . . . . . 1 . Average Slot Usage (%) 85 | . 100 99 92 90 65 76 77 73 72 73 73 83 91 79 86 84 84 89 74 84 91 69 83 76 Engine 4 | . 14 14 14 14 . . . . . . . . . . . . . . . . . . . . Core 1 | . . . . . 4 5 5 5 5 5 5 5 4 5 5 4 2 . . 2 1 . . . Reactor 1 | . . . . . . . . . . . . . . . . . 2 5 4 5 6 5 8 7 Treads 4 | . 24 14 14 8 . . . . . . . . . 1 . . . . . . . . . . Wheel 4 | . 3 14 14 14 . . . . . . . . . . . . . . . . . . . 2 Hover 13 | . . . . . . . . . . . . 22 39 27 30 29 27 26 22 26 31 22 29 22 Flight 3 | . . . . 5 13 16 16 16 16 15 15 6 . . . . . . . . . . . . Device 9 | . 1 . . . 16 21 22 22 22 17 15 12 5 7 7 10 18 15 11 14 12 12 22 15 Storage 7 | . 14 14 14 14 5 5 5 5 5 5 5 5 5 5 5 5 5 5 4 2 4 4 4 4 Processor 3 | . . . . . 4 5 5 5 5 5 5 4 2 . . . 3 9 8 8 10 11 8 7 Hackware 4 | . . . . . 7 11 11 11 11 14 15 11 10 8 11 11 5 5 3 3 4 1 . . Protection 6 | . 12 14 14 14 . . . . . . . . 4 6 5 5 6 5 5 2 2 . 1 5 Energy Gun 4 | . 27 21 . . 1 . . . . . . . . . . . . . . . 4 6 . 2 Energy Cannon 4 | . . 4 14 5 1 5 5 . . 4 5 4 1 . . . . . 1 8 8 2 7 5 Impact Weapon 3 | . . . 6 14 5 5 5 5 5 4 . 4 5 5 5 1 . . . . . . . . Peak Build Rating 199 | 9 13 20 21 24 97 102 99 102 95 111 117 118 108 115 104 103 117 118 116 148 162 178 182 199 Average Rating 82 | 7 11 15 19 20 81 95 95 90 90 102 109 98 99 100 99 90 102 113 97 129 146 123 165 161 On Entrance 81 | 6 9 13 20 20 24 94 96 94 90 90 107 108 89 98 103 103 88 111 116 59 140 35 163 169 Avg Prop Armor Cover (%) 6 | . 8 9 11 9 . . . . . 1 . 10 1 8 . . 3 . 2 1 7 7 . 2 Naked Turns . | . . . . . . . . . . . . . . . . . . . . . . . . . Heaviest Build 126 | 15 98 108 108 102 36 35 42 35 27 45 45 46 79 63 51 58 78 84 80 95 98 103 99 126 Greatest Support 104 | 40 40 16 16 16 36 36 36 36 36 47 47 84 89 70 79 79 81 80 80 98 104 101 103 103 Greatest Overweight (x) 6 | . 6 6 6 6 1 . 1 . . . . . 1 1 . 2 1 1 2 1 2 1 1 4 Average Overweight (x) . | . 1 5 5 5 . . . . . . . . . . . . . . . . . . . . Largest Inventory Capacity 25 | 8 25 25 25 25 25 10 10 10 10 15 15 15 15 15 15 15 15 15 15 15 15 15 15 15 Average Capacity 17 | 8 13 25 25 25 10 10 10 10 10 13 15 15 15 15 15 15 15 15 13 12 15 15 15 15 Most Carried 25 | 6 25 25 25 25 21 7 8 10 10 15 15 15 15 15 15 15 15 15 15 15 15 15 15 15 Average Carried 15 | 5 11 24 24 23 9 7 7 9 9 12 14 14 14 14 12 13 13 14 12 11 14 10 14 11 Final Capacity 25 | 8 25 25 25 25 10 10 10 10 10 15 15 15 15 15 15 15 15 15 5 15 15 15 15 15 Final Carried 25 | 4 25 24 25 25 7 7 8 10 10 15 15 14 15 12 15 11 14 15 5 15 10 15 13 14 Scrap Suit Usage (%) 1 | . . . . . . . . . . . . . . . . . . . . . . . . 1 Parts Cannibalized 2 | . . . . . . . . . . . . . . . . . . . . . . . . 2 Class Distribution -------------------- 38% | Mutant 13% | Hacker-Scout 7% | Scavenger-Mutant 6% | Hacker-Mutant 5% | Scavenger-Gunner 4% | Scavenger-Skirmisher 3% | Scientist-Scout 3% | Infiltrator-Ninja Dominant Class ---------------- Mutant | -10/Materials Mutant | -10/Subcaves Mutant | -8/Recycling Mutant | -8/Scraptown Scout | -6/Factory Hacker-Mutant | -6/Lower Caves Hacker-Mutant | -6/Lower Caves Hacker-Scout | -6/Zion Hacker-Scout | -5/Proximity Caves Hacker-Scout | -5/Factory Hacker-Scout | -5/Waste Scientist-Scout | -5/Factory Commander-Mutant | -5/Extension Hacker-Mutant | -5/Cetus Hacker-Mutant | -5/Archives Hacker-Mutant | -5/Hub_04(d) Infiltrator-Ninja | -4/Factory Infiltrator-Ninja | -4/Waste Infiltrator-Ninja | -4/Factory Scientist-Skirmisher | -3/Research Skirmisher | -3/Armory Scavenger-Gunner | -2/Research Scavenger-Skirmisher | -2/Quarantine Scavenger-Mutant | -2/Protoforge Resources | -11 -10 -10 -8 -8 -6 -6 -6 -6 -5 -5 -5 -5 -5 -5 -5 -5 -4 -4 -4 -3 -3 -2 -2 -2 ----------- Run | Yrd Mat Sub Rec Scr Fac Low Low Zio Pro Fac Was Fac Ext Cet Arc Hub Fac Was Fac Res Arm Res Qua Frg Matter Collected 10309 | 237 276 466 156 38 265 100 85 30 . 210 . 261 1331 448 464 276 1066 139 57 1300 773 615 257 1459 Remotely . | . . . . . . . . . . . . . . . . . . . . . . . . . Salvage Created 16756 | 20 690 634 187 . 531 . 76 . . 587 . 704 2110 66 459 193 824 . 153 1605 1818 1383 528 4188 Parts 703 | 2 43 41 5 . 11 . 2 . . 8 . 35 67 2 25 12 43 . 5 59 66 80 17 180 Haulers Intercepted 14 | . 2 . . . 2 . . . . 3 . 1 3 . . . 1 . . 2 . . . . Recyclers Shooed 2 | . . . 1 . . . . . . . . . 1 . . . . . . . . . . . Parts Field Recycled . | . . . . . . . . . . . . . . . . . . . . . . . . . Retrieved Matter . | . . . . . . . . . . . . . . . . . . . . . . . . . Parts Self-Destructed 9 | . . 8 . . . . 1 . . . . . . . . . . . . . . . . . Prevented . | . . . . . . . . . . . . . . . . . . . . . . . . . Parts Restored 3 | . . . . . . . . . . . . . . . . . . . . . . 3 . . Broken 3 | . . . . . . . . . . . . . . . . . . . . . . 3 . . Kills | -11 -10 -10 -8 -8 -6 -6 -6 -6 -5 -5 -5 -5 -5 -5 -5 -5 -4 -4 -4 -3 -3 -2 -2 -2 ------- Run | Yrd Mat Sub Rec Scr Fac Low Low Zio Pro Fac Was Fac Ext Cet Arc Hub Fac Was Fac Res Arm Res Qua Frg Combat Hostiles Destroyed 222 | . 16 16 1 . 2 . 3 . . 4 . 8 34 1 2 3 11 . 3 22 23 17 4 52 Melee 15 | . . . . . 1 . . . . 1 . . 3 . . . 4 . 3 . . 3 . . Guns 62 | . 16 11 . . . . . . . . . . 1 1 2 3 . . . . 5 8 . 15 Cannons 50 | . . 1 1 . 1 . . . . . . 7 9 . . . 2 . . 10 4 1 1 13 AOE 44 | . . 4 . . . . 1 . . 1 . . 20 . . . 5 . . 4 4 . . 5 Classes Destroyed 27 | 1 5 1 2 . 3 . 1 . . 1 . 1 3 . . . 1 . . 2 3 . . 3 Worker 9 | . . . . . 1 . . . . . . 3 1 . . . 2 . . . . 1 . 1 Builder 3 | . . . . . 2 . . . . . . . 1 . . . . . . . . . . . Tunneler 1 | 1 . . . . . . . . . . . . . . . . . . . . . . . . Hauler 14 | . 2 . . . 2 . . . . 3 . 1 3 . . . 1 . . 2 . . . . Recycler 9 | . . . 2 . 1 . . . . . . . 4 . . . 2 . . . . . . . Mechanic 4 | . 1 . . . . . . . . . . . . . . . . . . . 1 1 . 1 Operator 16 | . . . . . . . . . . 1 . . 3 . 8 1 . . . . . . 1 2 Drone 4 | . . . . . . . . . . . . . . . . . 1 . . . . . . 3 Watcher 25 | . 3 . . . 4 . . . . 5 . 4 1 . . . 2 . . . 1 1 3 1 Swarmer 44 | . 9 2 . . . . . . . 4 . . 5 . . . 5 . . 10 5 . . 4 Cutter 1 | . . . . . . . . . . . . . . . . . . . . . 1 . . . Saboteur 2 | . . . . . . . . . . . . . 1 . . . . . . . . . . 1 Grunt 45 | . 7 . . . . . 1 . . . . . 16 . . 1 . . . 6 8 . . 6 Brawler 4 | . . . . . . . . . . . . . 1 . . . . . . . . . . 3 Duelist 3 | . . . . . . . . . . . . . 3 . . . . . . . . . . . Protector 1 | . . . . . . . . . . . . . . . . . . . . . . . . 1 Sentry 19 | . . . 1 . . . . . . . . . 6 . 2 1 2 . . 1 1 1 . 4 Demolisher 2 | . . . . . . . . . . . . . . . . . . . . 2 . . . . Specialist 1 | . . . . . . . . . . . . . . . . . . . . . 1 . . . Hunter 19 | . . . . . . . . . . . . 1 1 . . 1 . . . . 2 6 4 4 Programmer 35 | . . . . . 2 . . . . . . 7 . . . . 3 . 3 . 5 10 . 5 Cetus Guard 1 | . . . . . . . . . . . . . . 1 . . . . . . . . . . Hotshot 7 | . . . . . . . . . . . . . . . . . . . . . . . . 7 Decapitator 3 | . . . . . . . . . . . . . . . . . . . . . . . . 3 Immortal 1 | . . . . . . . . . . . . . . . . . . . . . . . . 1 Striker 8 | . . . . . . . . . . . . . . . . . . . . 3 . . . 5 Executioner 4 | . . . . . . . . . . . . . . . . . . . . . . . . 4 Subdweller 14 | . . 14 . . . . . . . . . . . . . . . . . . . . . . Scrapoid 3 | . . . . . . . . . . . . . . . . . . . . . 2 . . 1 Scraphulk 1 | . . . . . . . . . . . . . . . . . . . . . . . . 1 Thief 2 | . . . . . . . 2 . . . . . . . . . . . . . . . . . Butcher 2 | . . . . . . . . . . . . . 2 . . . . . . . . . . . Best Kill Streak 12 | 1 4 3 1 . 4 . 2 . . 3 . 5 12 1 9 2 4 . 1 5 4 5 5 7 Combat Bots Only 11 | . 4 3 1 . 1 . 2 . . 3 . 3 11 1 1 2 4 . 1 4 4 5 4 6 Max Kills in Single Turn 4 | 1 2 1 1 . 1 . 1 . . 1 . 1 3 1 1 1 4 . 1 2 2 1 1 2 Gunslinging 1 | . 1 . . . . . . . . . . . . . . . . . . . . . . . Exploded 4 | . . 1 . . . . 1 . . 1 . . 3 . . . 4 . . 2 2 . . 2 Melee 1 | . . . . . 1 . . . . 1 . . 1 . . . 1 . 1 . . 1 . . Uniques/NPCs Destroyed . | . . . . . . . . . . . . . . . . . . . . . . . . . Combat | -11 -10 -10 -8 -8 -6 -6 -6 -6 -5 -5 -5 -5 -5 -5 -5 -5 -4 -4 -4 -3 -3 -2 -2 -2 -------- Run | Yrd Mat Sub Rec Scr Fac Low Low Zio Pro Fac Was Fac Ext Cet Arc Hub Fac Was Fac Res Arm Res Qua Frg Hostile Shots Fired 1673 | . 30 49 . . 52 . 2 . 3 48 . 47 141 35 4 69 92 . 115 85 259 124 17 501 Missed 573 | . 10 12 . . 32 . 1 . 1 27 . 13 43 13 1 21 19 . 32 35 81 46 6 180 Hits 1100 | . 20 37 . . 20 . 1 . 2 21 . 34 98 22 3 48 73 . 83 50 178 78 11 321 Melee 32 | . . . . . . . 1 . . . . . 4 . . . . . . 2 13 . . 12 Projectile 1068 | . 20 37 . . 20 . . . 2 21 . 34 94 22 3 48 73 . 83 48 165 78 11 309 AOE 6 | . . . . . . . . . . . . . . . . . 1 . . 4 1 . . . Critical Strikes 70 | . . 2 . . 1 . . . . . . 3 4 3 . 1 3 . 6 3 12 8 1 23 Part Disruptions 3 | . . . . . . . . . . . . . 1 . . . . . . . . 1 . 1 Damage Taken 25018 | . 227 775 . . 426 . 47 . 37 331 . 709 1579 378 71 952 1839 . 1975 1447 3967 1725 216 8317 Core 3294 | . 25 169 . . 14 . . . . 31 . 25 118 35 . 41 165 . 254 191 1100 387 . 739 Absorbed by Shields 1085 | . . . . . . . . . . . . . 449 151 . . . . . 121 364 . . . Redirected to Shielding 278 | . . . . . . . . . . . . . . . . . . . . . 103 . . 175 Ignored by Resistances 128 | . . . . . . . . . . . . . . 128 . . . . . . . . . . Regen/Repaired (Parts) 2735 | . . . . . . . . 395 . . . 414 279 . . . . . . 187 123 403 255 679 Core Remaining (%) 59 | 100 . . . 22 . . . . 98 . . . . . . 75 . . 63 . . . . . Volleys Fired 847 | 6 29 53 3 . 10 4 2 . 3 17 . 24 97 22 9 23 23 . 9 96 81 75 42 219 Largest 4 | 2 2 2 2 . 1 1 2 . 1 1 . 1 2 2 2 1 2 . 2 4 4 1 2 4 Hottest 437 | 70 90 90 160 . 90 35 74 . 35 39 . 105 86 70 70 35 98 . 82 252 300 120 394 437 Shots Fired 1169 | 12 58 76 5 . 10 4 3 . 3 17 . 28 107 27 16 24 35 . 11 112 140 75 47 359 Gun 503 | 12 58 55 . . . . . . . . . . 10 27 16 24 4 . 2 8 70 54 . 163 Cannon 612 | . . 6 5 . 10 4 1 . 3 15 . 28 81 . . . 28 . 8 96 67 21 47 192 Launcher 54 | . . 15 . . . . 2 . . 2 . . 16 . . . 3 . 1 8 3 . . 4 Special . | . . . . . . . . . . . . . . . . . . . . . . . . . Kinetic 290 | 6 . . . . . . . . . . . . 75 27 16 24 32 . 10 8 29 . . 63 Thermal 428 | 6 . 6 5 . 10 4 1 . 3 15 . 28 16 . . . . . . 40 47 30 8 209 Explosive 35 | . . 15 . . . . . . . . . . 16 . . . 3 . 1 . . . . . Electromagnetic 416 | . 58 55 . . . . 2 . . 2 . . . . . . . . . 64 64 45 39 87 Robot Hit Streak 22 | 2 10 21 7 . 9 . . . . 1 . 9 13 8 13 14 12 . 1 22 14 15 6 13 Robot Miss Streak 6 | 2 6 3 . . 1 . 1 . . . . 2 5 1 1 1 6 . 4 3 4 2 2 6 Penetration Max 2 | . . . . . . . . . . . . . 2 . 1 1 . . . . 1 . . 1 Secondary Targets 7 | . 3 2 . . . . . . . . . . . 1 . . . . . . 1 . . . Max Gunslinging Chain 1 | . 1 1 . . . . . . . . . . . 1 . . . . . . 1 . . . Capacitor 132 | . . . . . . . . . . . . . . . . . . . . . . 57 38 37 Shots Hit Robots 747 | 6 41 54 4 . 22 . 2 . . 14 . 25 78 19 20 20 44 . 13 50 82 58 18 177 Core Hits 451 | 1 36 39 2 . 5 . 2 . . 5 . 8 70 8 10 9 21 . 4 35 47 36 5 108 Critical Kills 26 | . . . . . . . . . . . . . 12 1 1 1 . . . . 1 . . 10 Critical Parts Destroyed 41 | . . . . . 3 . . . . 5 . 2 23 1 3 1 . . . . . . . 3 Critical Strikes 102 | . . . . . 6 . . . . 6 . 2 39 3 5 4 4 . 2 2 4 10 . 15 Burn 2 | . . . . . . . . . . . . . . . . . . . . . . 2 . . Meltdown 6 | . . . . . . . . . . . . . . . . . . . . . . . . 6 Destroy 55 | . . . . . . . . . . . . . 34 3 5 4 . . . . 1 . . 8 Blast 4 | . . . . . . . . . . . . . . . . . 2 . 1 . . . . 1 Corrupt 8 | . . . . . . . . . . . . . . . . . . . . 2 3 3 . . Smash 15 | . . . . . 3 . . . . 5 . 2 5 . . . . . . . . . . . Sever 12 | . . . . . 3 . . . . 1 . . . . . . 2 . 1 . . 5 . . Melee Attacks 356 | . . 11 4 . 53 7 4 . 4 45 . 58 27 1 10 15 71 . 30 . . 16 . . Impact 195 | . . 11 4 . 47 7 4 . 4 38 . 51 27 1 1 . . . . . . . . . Slashing 161 | . . . . . 6 . . . . 7 . 7 . . 9 15 71 . 30 . . 16 . . Piercing . | . . . . . . . . . . . . . . . . . . . . . . . . . Sneak Attacks 37 | . . . 1 . 5 . . . . 3 . 4 9 . 9 1 5 . . . . . . . Combat Hostiles . | . . . . . . . . . . . . . . . . . . . . . . . . . Follow-up Attacks 1 | . . . . . . . . . . . . . . . 1 . . . . . . . . . Damage Inflicted 38070 | 74 622 1108 200 . 1330 . 184 . . 1004 . 1920 7089 496 1375 786 2582 . 504 2663 3910 2346 940 8937 Guns 8022 | 74 586 605 . . . . . . . . . . 63 496 339 668 88 . . 15 1185 1119 . 2784 Cannons 13559 | . . 53 83 . 158 . . . . 34 . 1064 1128 . . . 421 . 86 1863 1948 521 940 5260 Explosions 8294 | . 30 446 . . . . 89 . . 73 . . 4328 . . . 676 . . 785 752 267 . 848 Melee 8115 | . . . 117 . 1172 . 95 . . 897 . 856 1570 . 1036 118 1397 . 418 . . 439 . . Ramming 80 | . 6 4 . . . . . . . . . . . . . . . . . . 25 . . 45 Kinetic 4576 | 36 . . . . . . . . . . . . 931 496 339 668 509 . 86 15 341 . . 1155 Thermal 9736 | 38 30 103 83 . 158 . . . . 34 . 1064 260 . . . . . . 236 1734 898 . 5098 Explosive 5691 | . . 396 . . . . . . . . . . 4328 . . . 676 . . . 135 156 . . Electromagnetic 9872 | . 586 605 . . . . 89 . . 73 . . . . . . . . . 2412 1675 853 940 2639 Impact 4414 | . . . 117 . 965 . 95 . . 852 . 735 1570 . 80 . . . . . . . . . Slashing 3701 | . . . . . 207 . . . . 45 . 121 . . 956 118 1397 . 418 . . 439 . . Piercing . | . . . . . . . . . . . . . . . . . . . . . . . . . Highest Corruption 20 | . 1 1 3 . 1 1 1 1 . . . 4 2 20 20 7 4 4 11 2 9 8 8 17 Average Corruption 4 | . 1 1 3 . 1 1 1 1 . . . 2 1 9 13 7 3 4 5 1 5 4 8 11 Corruption Purged 19 | . . . . . . . . . . . . 4 . . 13 . . . . 2 . . . . Corruption Blocked 15 | . . . . . . . . . . . . . . . . . . . 15 . . . . . Effects 320 | . 4 19 15 . 2 3 2 . . . . 18 1 8 15 10 35 3 16 9 9 18 34 99 Message Errors 82 | . 2 2 5 . . 2 1 . . . . 6 . 1 4 2 10 . 2 4 5 5 10 21 Matter Fused 65 | . 1 6 4 . 1 1 . . . . . 3 . 2 . 2 10 1 2 . 1 2 6 23 Heat Flow Errors 31 | . . 3 . . 1 . . . . . . . . 1 2 . 2 . 2 2 1 2 2 13 Energy Discharges 29 | . . 2 2 . . . . . . . . . . 2 1 1 3 . 3 . . 3 5 7 Parts Rejected 8 | . . . . . . . 1 . . . . 2 . . . 1 . . 1 . . . . 3 Parts Fused 8 | . . . . . . . . . . . . 1 . . 1 . 2 . 1 1 . . 1 1 Data Loss (minor) 34 | . 1 3 4 . . . . . . . . 1 . . 2 3 2 1 2 1 1 2 3 8 Data Loss (major) 12 | . . . . . . . . . . . . . . . . . 2 . 1 . . 2 4 3 Misfires 14 | . . 1 . . . . . . . . . 4 . . . 1 2 . . . . 1 3 2 Alerts 14 | . . 2 . . . . . . . . . 1 1 2 2 . . 1 . 1 . . . 4 Misdirections 5 | . . . . . . . . . . . . . . . 1 . . . 2 . . . . 2 Weapon Failures 18 | . . . . . . . . . . . . . . . 2 . 2 . . . 1 1 . 12 Overload Shots 16 | . . . . . . . . . . . . 16 . . . . . . . . . . . . Effects 2 | . . . . . . . . . . . . 2 . . . . . . . . . . . . Heat Surge 1 | . . . . . . . . . . . . 1 . . . . . . . . . . . . Short Circuit 1 | . . . . . . . . . . . . 1 . . . . . . . . . . . . Overflow Damage 3840 | . . . 92 . 517 . 4 . . 579 . 700 840 . 248 83 283 . 42 56 90 47 91 168 Projectiles 558 | . . . . . 45 . . . . . . 134 31 . . . . . . 36 47 41 91 133 Explosions 418 | . . . . . . . . . . . . . 216 . . . 134 . . 20 43 . . 5 Melee 2864 | . . . 92 . 472 . 4 . . 579 . 566 593 . 248 83 149 . 42 . . 6 . 30 Knockbacks 33 | . . . 1 . 2 . 2 . . 4 . 4 13 . . . 1 . 1 . . . . 5 Impact 20 | . . . 1 . 1 . 2 . . 4 . 4 7 . . . . . . . . . . 1 Kinetic 11 | . . . . . . . . . . . . . 5 . . . 1 . 1 . . . . 4 Secondary 2 | . . . . . 1 . . . . . . . 1 . . . . . . . . . . . Self-Inflicted Damage 404 | . 39 2 . . . . . . . . . . 67 . . . 136 . . 33 61 . . 66 Shots 15 | . 1 . . . . . . . . . . . 2 . . . 3 . . 4 1 . . 4 Rammed 6 | . 1 1 . . . . . . . . . . . . . . . . . . 3 . . 1 Targets Rammed 6 | . 1 1 . . . . . . . . . . . . . . . . . . 3 . . 1 Kicked . | . . . . . . . . . . . . . . . . . . . . . . . . . Crushed . | . . . . . . . . . . . . . . . . . . . . . . . . . Highest Temperature 642 | 54 174 272 93 . 417 . . . . 1 . 356 339 168 405 29 205 63 266 430 642 509 213 615 Average Temperature 105 | 28 54 88 43 . 131 . . . . 1 . 120 105 87 130 8 23 29 61 102 151 139 60 165 Received Heat Transfer 2890 | . 54 688 . . 30 . 9 . . . . 36 326 . . 162 217 . 174 97 254 . . 843 Effects 48 | . . . . . 3 . . . . . . 4 7 . . . . . . 3 12 10 . 9 Shutdowns 8 | . . . . . . . . . . . . 1 . . . . . . . . 5 1 . 1 Energy Bleed 6 | . . . . . . . . . . . . 1 1 . . . . . . 1 1 1 . 1 Interference 23 | . . . . . 3 . . . . . . 2 4 . . . . . . . 2 6 . 6 Matter Decay 3 | . . . . . . . . . . . . . 1 . . . . . . . 1 1 . . Short Circuit 4 | . . . . . . . . . . . . . . . . . . . . 2 1 . . 1 Damage (minor) 3 | . . . . . . . . . . . . . 1 . . . . . . . 1 1 . . Damage (core) 1 | . . . . . . . . . . . . . . . . . . . . . 1 . . . Siege Activations 1 | . . . . . . . . . . . . . . 1 . . . . . . . . . . Total Turns 10 | . . . . . . . . . . . . . . 10 . . . . . . . . . . Longest Duration 10 | . . . . . . . . . . . . . . 10 . . . . . . . . . . Martial Activations . | . . . . . . . . . . . . . . . . . . . . . . . . . Shielding Activations . | . . . . . . . . . . . . . . . . . . . . . . . . . Robots Disrupted 2 | . . . . . . . . . . . . . . . . . . . . . . 1 . 1 Combat Hostiles 2 | . . . . . . . . . . . . . . . . . . . . . . 1 . 1 Robots Corrupted 74 | . . . 1 . 6 . 2 . . 8 . 8 7 . . . . . . 9 10 5 5 13 Combat Hostiles 43 | . . . . . . . 2 . . 2 . 1 . . . . . . . 8 10 5 3 12 Parts Fried 117 | . 2 2 1 . 8 . 5 . . 9 . 5 13 . . . . . . 15 19 8 10 20 Impact Corruptions 74 | . . . 1 . 17 . 2 . . 14 . 15 24 . . . . . . . . . . 1 Robots Melted 6 | . . . . . . . . . . . . . . . . . . . . . . . . 6 Combat Hostiles 6 | . . . . . . . . . . . . . . . . . . . . . . . . 6 Parts Melted 42 | . . 1 . . . . . . . . . 6 . . . . . . . 1 4 8 . 22 Heat Transferred 10080 | 111 50 124 111 . 200 . . . . 50 . 1130 400 . . . . . . 250 1760 975 . 4919 Parts Sabotaged 2 | . . . . . . . . . . . . . . . . . . . . . 2 . . . Parts Stolen . | . . . . . . . . . . . . . . . . . . . . . . . . . Parts Stripped . | . . . . . . . . . . . . . . . . . . . . . . . . . Power Chain Reactions 10 | . 1 1 . . . . . . . . . 1 . . . . . . . 2 3 1 . 1 Alert | -11 -10 -10 -8 -8 -6 -6 -6 -6 -5 -5 -5 -5 -5 -5 -5 -5 -4 -4 -4 -3 -3 -2 -2 -2 ------- Run | Yrd Mat Sub Rec Scr Fac Low Low Zio Pro Fac Was Fac Ext Cet Arc Hub Fac Was Fac Res Arm Res Qua Frg Maximum Alert Level 4 | . . . . . . . . . . . . 1 4 3 2 3 2 . 1 2 2 2 2 4 Low Security (%) 49 | 100 100 . 100 . 100 . . . . 100 100 87 9 . . 2 . 100 83 46 . 60 . 3 Level 1 29 | . . . . . . . . . . . . 12 18 . 7 24 81 . 16 50 91 11 81 41 Level 2 13 | . . . . . . . . . . . . . 50 8 92 36 18 . . 3 8 27 18 16 Level 3 5 | . . . . . . . . . . . . . 17 91 . 35 . . . . . . . 25 Level 4 1 | . . . . . . . . . . . . . 3 . . . . . . . . . . 12 Level 5 . | . . . . . . . . . . . . . . . . . . . . . . . . . High Security . | . . . . . . . . . . . . . . . . . . . . . . . . . Max Security . | . . . . . . . . . . . . . . . . . . . . . . . . . Peak Influence 1339 | 5 155 . 61 . 79 . . . . 133 34 322 1244 862 587 949 464 95 261 532 568 519 452 1339 Initial 694 | . . . 7 . . . . . . . 34 9 . 694 332 163 464 95 38 127 277 118 289 177 Average 253 | . 84 . 11 . 34 . . . . 44 28 50 519 756 518 595 353 75 93 227 304 186 339 597 Influence Increases 13570 | 5 526 55 241 . 432 . 65 . 30 526 . 737 2320 298 305 1126 876 . 635 1049 908 883 433 2120 Destroy 0b10 Robot/C 5120 | . 320 40 20 . 40 . 20 . . 100 . 160 1120 160 80 380 240 . 60 520 480 340 80 960 Destroy 0b10 Robot/NC 465 | 5 30 . 10 . 50 . . . . 45 . 40 80 10 45 15 35 . . 10 10 15 20 45 Destroy Leader 942 | . 80 . . . 32 . . . . 24 . 70 122 . . 82 56 . 20 94 82 92 26 162 Allied During Kill 1271 | . . . . . . . . . . 1 . . 573 93 125 373 25 . . 63 18 . . . Successful Hack 577 | . 31 . 26 . 65 . . . . 42 . 60 18 . . 10 79 . . 63 12 124 25 22 Select Force Hacks 340 | . 60 . 180 . . . . . . . . 50 . . . . 30 . . 20 . . . . Disable Machine 840 | . . . . . 45 . . . . 30 . 60 75 15 45 45 15 . 15 15 120 45 165 150 Destroy Structure 1480 | . 5 . 5 . 35 . . . . 74 . 72 302 20 10 86 156 . 60 84 66 87 102 316 Partial Spotted 255 | . . . . . 15 . . . . . . 75 15 . . 15 30 . . 45 . 15 . 45 Lose Combat Pursuer 2280 | . . 15 . . 150 . 45 . 30 210 . 150 15 . . 120 210 . 480 135 120 165 15 420 Influence Decreases 12231 | 5 470 96 256 . 369 63 65 . 30 427 85 751 1080 706 670 644 1553 217 447 764 1209 595 632 1097 Entered New Map 3000 | . . 28 8 . . 24 . . . . 65 5 . 546 500 304 485 177 17 116 251 109 226 139 Time Decay 6420 | 5 470 68 248 . 359 39 65 . 30 412 20 407 540 140 170 150 598 40 228 598 368 441 386 638 Lost Part 1079 | . . . . . 10 . . . . . . 22 70 20 . 70 50 . 162 30 260 45 20 320 Lost Ally 682 | . . . . . . . . . . 15 . 17 320 . . 120 120 . 40 20 30 . . . Purge Threat 1050 | . . . . . . . . . . . . 300 150 . . . 300 . . . 300 . . . Squads Dispatched 118 | . 4 . . . 15 . . . . 14 . 13 7 . . 8 14 . 5 9 5 5 3 16 Investigation 55 | . 4 . . . 10 . . . . 9 . 8 . . . 1 7 . 2 5 2 . . 7 Extermination 33 | . . . . . 3 . . . . 4 . 5 . . . 1 6 . 2 . 2 4 3 3 Reinforcement 25 | . . . . . 2 . . . . 1 . . 5 . . 3 1 . 1 4 1 1 . 6 Assault 3 | . . . . . . . . . . . . . 2 . . 1 . . . . . . . . Garrison 2 | . . . . . . . . . . . . . . . . 2 . . . . . . . . Intercept . | . . . . . . . . . . . . . . . . . . . . . . . . . Searches Triggered . | . . . . . . . . . . . . . . . . . . . . . . . . . Construction Impeded 2 | . . . . . . . . . . . . . 2 . . . . . . . . . . . Haulers Reinforced 5 | . . . . . 2 . . . . . . . . . . 1 . . . 2 . . . . Active Scanning Responses . | . . . . . . . . . . . . . . . . . . . . . . . . . Cargo Convoy Interrupts . | . . . . . . . . . . . . . . . . . . . . . . . . . Stealth | -11 -10 -10 -8 -8 -6 -6 -6 -6 -5 -5 -5 -5 -5 -5 -5 -5 -4 -4 -4 -3 -3 -2 -2 -2 --------- Run | Yrd Mat Sub Rec Scr Fac Low Low Zio Pro Fac Was Fac Ext Cet Arc Hub Fac Was Fac Res Arm Res Qua Frg Distress Signals 44 | . . . . . 1 . . . . 3 . 4 3 2 . 3 3 . 4 7 4 1 . 9 Communications Jammed 37 | . . . . . . . . . . . . . . . . 8 8 . 3 . . 10 6 2 Distress Signals 36 | . . . . . . . . . . . . . . . . 8 7 . 3 . . 10 6 2 Times Spotted 583 | . 22 21 . . 16 . 6 . 1 28 5 34 61 9 6 30 41 . 32 40 48 34 9 140 Peak Tracking Total 18 | . 5 6 . . 3 . 3 . 2 5 5 7 8 5 1 12 6 . 15 10 13 7 2 18 Tactical Retreats 78 | . . 1 . . 6 . 2 . 1 11 . 4 1 . . 3 9 . 9 5 5 6 1 14 Traps | -11 -10 -10 -8 -8 -6 -6 -6 -6 -5 -5 -5 -5 -5 -5 -5 -5 -4 -4 -4 -3 -3 -2 -2 -2 ------- Run | Yrd Mat Sub Rec Scr Fac Low Low Zio Pro Fac Was Fac Ext Cet Arc Hub Fac Was Fac Res Arm Res Qua Frg Traps Triggered 25 | . 2 1 . . 3 . . . . 1 . . 4 . . . 3 . . 3 5 . . 3 Indirectly 2 | . . . . . . . . . . . . . . . . . . . . . . . . 2 Trap Hack Attempts . | . . . . . . . . . . . . . . . . . . . . . . . . . Triggered . | . . . . . . . . . . . . . . . . . . . . . . . . . Disarmed . | . . . . . . . . . . . . . . . . . . . . . . . . . Reprogrammed . | . . . . . . . . . . . . . . . . . . . . . . . . . Reused . | . . . . . . . . . . . . . . . . . . . . . . . . . Traps Extracted . | . . . . . . . . . . . . . . . . . . . . . . . . . Installed . | . . . . . . . . . . . . . . . . . . . . . . . . . Triggered . | . . . . . . . . . . . . . . . . . . . . . . . . . Machines | -11 -10 -10 -8 -8 -6 -6 -6 -6 -5 -5 -5 -5 -5 -5 -5 -5 -4 -4 -4 -3 -3 -2 -2 -2 ---------- Run | Yrd Mat Sub Rec Scr Fac Low Low Zio Pro Fac Was Fac Ext Cet Arc Hub Fac Was Fac Res Arm Res Qua Frg Machines Disabled 61 | . . 1 . . 3 . . . . 2 . 4 9 1 3 3 1 . 1 1 8 3 11 10 Max in Single Turn 3 | . . 1 . . 1 . . . . 1 . 1 2 1 1 1 1 . 1 1 1 2 2 3 Garrison Access 12 | . . . . . 4 . . . . 1 . 2 . . . 1 3 . . 1 . . . . Network Hub 2 | . . . . . . . . . . . . . . . . 2 . . . . . . . . Machines Repaired . | . . . . . . . . . . . . . . . . . . . . . . . . . Machines Dismantled 4 | . . . . . . . . . . . . . 2 1 . 1 . . . . . . . . Machines Sabotaged . | . . . . . . . . . . . . . . . . . . . . . . . . . Overloaded Fab Kills 2 | . . . . . . . . . . . . 2 . . . . . . . . . . . . Hacking | -11 -10 -10 -8 -8 -6 -6 -6 -6 -5 -5 -5 -5 -5 -5 -5 -5 -4 -4 -4 -3 -3 -2 -2 -2 --------- Run | Yrd Mat Sub Rec Scr Fac Low Low Zio Pro Fac Was Fac Ext Cet Arc Hub Fac Was Fac Res Arm Res Qua Frg Machines Accessed 173 | . 9 1 11 4 25 . . . . 22 . 24 12 2 . 3 20 . 4 12 3 4 6 11 Terminals 75 | . 7 . 5 . 10 . . . . 9 . 11 11 2 . 2 6 . 1 2 1 1 3 4 Fabricators 10 | . . . . . 2 . . . . 2 . 2 . . . . 1 . . 1 1 . . 1 Repair Stations 12 | . . . . . . . . . . . . 1 1 . . . 1 . . 2 1 2 2 2 Recycling Units 41 | . 2 . 6 . 6 . . . . 6 . 6 . . . . 6 . 3 3 . . . 3 Scanalyzers 17 | . . . . . 3 . . . . 4 . 2 . . . . 2 . . 3 . 1 1 1 Garrison Access 13 | . . . . . 4 . . . . 1 . 2 . . . 1 4 . . 1 . . . . Total Hacks 551 | . 25 1 27 19 77 . . . . 67 . 72 33 5 . 5 81 . 11 36 9 33 18 32 Successful 327 | . 11 1 16 19 55 . . . . 46 . 53 18 2 . 4 38 . 2 21 4 17 8 12 Failed 220 | . 14 . 11 . 21 . . . . 21 . 18 15 3 . 1 42 . 9 14 5 16 10 20 Catastrophic 30 | . 1 . . . 1 . . . . 1 . . 1 . . . 6 . 4 3 1 5 . 7 Database Lockouts 4 | . . . . . 1 . . . . . . 1 . . . . 1 . . 1 . . . . Manual 239 | . 24 . 20 . 36 . . . . 32 . 40 14 1 . 1 32 . 10 13 1 1 . 14 Terminals 239 | . 21 . 17 . 28 . . . . 38 . 44 27 5 . 4 32 . 1 5 1 1 7 8 Fabricators 35 | . . . . . 9 . . . . 6 . 4 . . . . 4 . . 1 7 . . 4 Repair Stations 52 | . . . . . . . . . . . . 5 6 . . . 4 . . 5 1 14 8 9 Recycling Units 76 | . 4 . 10 . 8 . . . . 11 . 7 . . . . 11 . 10 7 . . . 8 Scanalyzers 101 | . . . . . 25 . . . . 10 . 9 . . . . 16 . . 17 . 18 3 3 Garrison Access 28 | . . . . . 7 . . . . 2 . 3 . . . 1 14 . . 1 . . . . Terminal Hacks 93 | . 2 1 2 19 7 . . . . 13 . 17 14 2 . 2 6 . . 1 1 . 4 2 Record 25 | . . . . 19 . . . . . . . . . 2 . . . . . . . . 4 . Part Schematic 7 | . . . 1 . 2 . . . . 2 . 1 1 . . . . . . . . . . . Robot Analysis 2 | . 2 . . . . . . . . . . . . . . . . . . . . . . . Prototype ID Bank 7 | . . . 1 . 2 . . . . 2 . 1 1 . . . . . . . . . . . Open Door 7 | . . . . . . . . . . . . . 6 . . . . . . . 1 . . . Branch Access Points 1 | . . . . . . . . . . . . 1 . . . . . . . . . . . . Machine Index 1 | . . . . . . . . . . 1 . . . . . . . . . . . . . . Terminal Index 4 | . . . . . . . . . . 1 . 1 1 . . . 1 . . . . . . . Repair Station Index 1 | . . . . . . . . . . . . 1 . . . . . . . . . . . . Scanalyzer Index 2 | . . . . . 1 . . . . . . 1 . . . . . . . . . . . . Garrison Index 3 | . . . . . 1 . . . . 1 . 1 . . . . . . . . . . . . Alert Level 4 | . . . . . . . . . . 1 . 2 . . . . 1 . . . . . . . Unreport Threat 4 | . . . . . . . . . . . . 2 1 . . . 1 . . . . . . . Locate Traps 5 | . . . . . . . . . . 1 . . 1 . . . 2 . . 1 . . . . Recall Investigation 1 | . . . . . . . . . . 1 . . . . . . . . . . . . . . Recall Extermination 1 | . . . . . . . . . . 1 . . . . . . . . . . . . . . Recall Reinforcements 3 | . . . . . . . . . . . . . 3 . . . . . . . . . . . Hauler Manifests 2 | . . . . . . . . . . 1 . 1 . . . . . . . . . . . . Registered Components 2 | . . . . . 1 . . . . . . 1 . . . . . . . . . . . . Zone Layout 10 | . . . . . . . . . . 1 . 4 . . . 2 1 . . . . . . 2 Proto ID Catalog 1 | . . 1 . . . . . . . . . . . . . . . . . . . . . . Fabricator Hacks 13 | . . . . . 4 . . . . 3 . 2 . . . . 1 . . . 2 . . 1 Network Status 4 | . . . . . 2 . . . . 1 . . . . . . 1 . . . . . . . Load Schematic 5 | . . . . . 1 . . . . 1 . 1 . . . . . . . . 1 . . 1 Build 4 | . . . . . 1 . . . . 1 . 1 . . . . . . . . 1 . . . Repair Station Hacks 29 | . . . . . . . . . . . . 4 3 . . . 1 . . 4 . 9 4 4 Scan Component 16 | . . . . . . . . . . . . 2 2 . . . 1 . . 2 . 5 2 2 Repair 13 | . . . . . . . . . . . . 2 1 . . . . . . 2 . 4 2 2 Recycling Unit Hacks 5 | . . . 2 . . . . . . 2 . . . . . . 1 . . . . . . . Retrieve Matter 1 | . . . . . . . . . . . . . . . . . 1 . . . . . . . Retrieve Components 4 | . . . 2 . . . . . . 2 . . . . . . . . . . . . . . Scanalyzer 69 | . . . . . 23 . . . . 7 . 8 . . . . 11 . . 10 . 8 . 2 Insert Component 25 | . . . . . 10 . . . . 1 . 3 . . . . 5 . . 3 . 3 . . Analyze 18 | . . . . . 10 . . . . 1 . . . . . . 4 . . 1 . 2 . . Retrieve Study 26 | . . . . . 3 . . . . 5 . 5 . . . . 2 . . 6 . 3 . 2 Garrison Access Hacks 12 | . . . . . 4 . . . . 1 . 2 . . . 1 3 . . 1 . . . . Seal Access 12 | . . . . . 4 . . . . 1 . 2 . . . 1 3 . . 1 . . . . Unauthorized Hacks 106 | . 9 . 12 . 17 . . . . 20 . 20 1 . . 1 15 . 2 5 1 . . 3 Terminals 57 | . 7 . 6 . 8 . . . . 13 . 13 1 . . 1 7 . . 1 . . . . Track 6 | . . . . . . . . . . 2 . 2 . . . . 2 . . . . . . . Assimilate 5 | . . . . . . . . . . 2 . 3 . . . . . . . . . . . . Botnet 17 | . 1 . 2 . 2 . . . . 4 . 3 1 . . 1 2 . . 1 . . . . Operators 2 | . 1 . . . . . . . . . . . . . . . 1 . . . . . . . Skim 27 | . 5 . 4 . 6 . . . . 5 . 5 . . . . 2 . . . . . . . Fabricators 7 | . . . . . 3 . . . . 1 . 1 . . . . 1 . . 1 . . . . Report 3 | . . . . . 1 . . . . 1 . . . . . . 1 . . . . . . . Fabnet 1 | . . . . . 1 . . . . . . . . . . . . . . . . . . . Haulers 1 | . . . . . 1 . . . . . . . . . . . . . . . . . . . Overload 1 | . . . . . . . . . . . . 1 . . . . . . . . . . . . Download 1 | . . . . . . . . . . . . . . . . . . . . 1 . . . . Repair Stations 2 | . . . . . . . . . . . . . . . . . . . . . 1 . . 1 Patch 2 | . . . . . . . . . . . . . . . . . . . . . 1 . . 1 Recycling Units 39 | . 2 . 6 . 6 . . . . 6 . 6 . . . . 6 . 2 3 . . . 2 Tunnel 8 | . 2 . 6 . . . . . . . . . . . . . . . . . . . . . Fedlink 29 | . . . . . 6 . . . . 6 . 6 . . . . 5 . 2 2 . . . 2 Scrapoids 2 | . . . . . . . . . . . . . . . . . 1 . . 1 . . . . Scanalyzers 1 | . . . . . . . . . . . . . . . . . 1 . . . . . . . Extract 1 | . . . . . . . . . . . . . . . . . 1 . . . . . . . Garrison Access . | . . . . . . . . . . . . . . . . . . . . . . . . . Data Cores Recovered 1 | . . . . . . . . . . . . . . . . . . . . . . . 1 . Used . | . . . . . . . . . . . . . . . . . . . . . . . . . Hacking Detections 91 | . 8 . 7 . 16 . . . . 12 . 12 5 2 . 2 7 . 2 6 1 3 3 5 Full Trace Events 12 | . 1 . 1 . 4 . . . . 2 . 1 . . . . . . . . 1 . . 2 Feedback Events 2 | . . . . . 1 . . . . 1 . . . . . . . . . . . . . . Corruption 1 | . . . . . 1 . . . . . . . . . . . . . . . . . . . Hackware Fried 1 | . . . . . . . . . . 1 . . . . . . . . . . . . . . Feedback Blocked . | . . . . . . . . . . . . . . . . . . . . . . . . . Robot Schematics Acquired 3 | . . . . . . . . 3 . . . . . . . . . . . . . . . . Robots Built . | . . . . . . . . . . . . . . . . . . . . . . . . . Authchips . | . . . . . . . . . . . . . . . . . . . . . . . . . Time . | . . . . . . . . . . . . . . . . . . . . . . . . . Total Robot Build Rating . | . . . . . . . . . . . . . . . . . . . . . . . . . Part Schematics Acquired 37 | . . . 1 . 10 . . 14 . 3 . 1 1 . . . 5 . . . . 2 . . Parts Built 6 | . . . . . 1 . . . . 1 . 2 . . . . . . . . 2 . . . Authchips . | . . . . . . . . . . . . . . . . . . . . . . . . . Time 253 | . . . . . 53 . . . . 106 . 47 . . . . . . . . 47 . . . Total Part Build Rating 32 | . . . . . 6 . . . . 6 . 10 . . . . . . . . 10 . . . Part Studies Acquired 26 | . . . . . 3 . . . . 5 . 5 . . . . 2 . . 6 . 3 . 2 Parts Repaired 13 | . . . . . . . . . . . . 2 1 . . . . . . 2 . 4 2 2 Time 762 | . . . . . . . . . . . . 176 95 . . . . . . 60 . 217 102 112 Parts Recycled . | . . . . . . . . . . . . . . . . . . . . . . . . . Recycled Matter . | . . . . . . . . . . . . . . . . . . . . . . . . . Retrieved Matter . | . . . . . . . . . . . . . . . . . . . . . . . . . Retrieved Components 2 | . . . 2 . . . . . . . . . . . . . . . . . . . . . Parts Scanalyzed 17 | . . . . . 8 . . . . 1 . . . . . . 5 . . 1 . 2 . . Part Schematics Acquired 15 | . . . . . 8 . . . . 1 . . . . . . 4 . . . . 2 . . Parts Damaged 6 | . . . . . 2 . . . . 1 . . . . . . 1 . . 1 . 1 . . Bothacking | -11 -10 -10 -8 -8 -6 -6 -6 -6 -5 -5 -5 -5 -5 -5 -5 -5 -4 -4 -4 -3 -3 -2 -2 -2 ------------ Run | Yrd Mat Sub Rec Scr Fac Low Low Zio Pro Fac Was Fac Ext Cet Arc Hub Fac Was Fac Res Arm Res Qua Frg Used RIF Installer . | . . . . . . . . . . . . . . . . . . . . . . . . . Robots Hacked 6 | . . . . . . . . . . 2 . . 1 . . 1 1 . 1 . . . . . Non-combat . | . . . . . . . . . . . . . . . . . . . . . . . . . Combat 6 | . . . . . . . . . . 2 . . 1 . . 1 1 . 1 . . . . . Robot Hacks Applied . | . . . . . . . . . . . . . . . . . . . . . . . . . Relay Couplers Released 5 | . . . . . 1 . . . . . . 3 . . . . . . . 1 . . . . Machine Destruction 2 | . . . . . 1 . . . . . . . . . . . . . . 1 . . . . Programmers 3 | . . . . . . . . . . . . 3 . . . . . . . . . . . . Fabnet Peak Effective % 3 | . . . . . . . . . 3 3 3 3 3 3 3 3 1 1 1 . . . . . Autooverrided 6 | . . . . . . . . . . 2 . . 1 . . 1 1 . 1 . . . . . Robots Rewired 12 | . . . . . . . . . . . . . 10 . . . . . . . 2 . . . Allies Hacked 3 | . . . . . . . . . . . . . . . . . . . 1 . 2 . . . Hacks Repelled . | . . . . . . . . . . . . . . . . . . . . . . . . . Allies | -11 -10 -10 -8 -8 -6 -6 -6 -6 -5 -5 -5 -5 -5 -5 -5 -5 -4 -4 -4 -3 -3 -2 -2 -2 -------- Run | Yrd Mat Sub Rec Scr Fac Low Low Zio Pro Fac Was Fac Ext Cet Arc Hub Fac Was Fac Res Arm Res Qua Frg Total Allies 49 | . . . . . . . . . . 4 . 2 22 5 . 1 6 . 2 5 2 . . . Largest Group 16 | . . . . . . . . . . 2 . 1 16 6 6 6 5 . 1 5 3 . . . Highest-Rated Group 639 | . . . . . . . . . . 41 . 10 612 639 639 502 238 . 47 323 192 . . . Highest-Rated Ally 159 | . . . . . . . . . . 41 . 10 159 159 159 96 58 . 47 67 64 . . . Initial UFD Resources 123 | . . . . . 23 45 45 45 47 47 69 69 81 81 81 81 84 101 101 108 119 123 123 123 Total Orders 44 | . . . . . . . . . . 1 . 3 5 . . 2 7 . 1 7 6 5 4 3 STAY 11 | . . . . . . . . . . 1 . 2 2 . . 2 1 . . 1 2 . . . ROAM 1 | . . . . . . . . . . . . . 1 . . . . . . . . . . . FOLLOW 3 | . . . . . . . . . . . . 1 1 . . . . . . . 1 . . . EXPLORE 3 | . . . . . . . . . . . . . . . . . . . . 2 . 1 . . RETURN 26 | . . . . . . . . . . . . . 1 . . . 6 . 1 4 3 4 4 3 Ally Attacks 382 | . . . . . . . . . . 6 . . 167 40 24 84 24 . 1 23 13 . . . Total Damage 11135 | . . . . . . . . . . 144 . . 3825 1363 959 3376 493 . 21 596 358 . . . Kills 63 | . . . . . . . . . . 1 . . 25 9 3 18 2 . . 4 1 . . . Allies Corrupted 3 | . . . . . . . . . . . . . . . . 1 . . . . 2 . . . Allies Melted 2 | . . . . . . . . . . . . . . . . . . . . . . . . 2 Intel | -11 -10 -10 -8 -8 -6 -6 -6 -6 -5 -5 -5 -5 -5 -5 -5 -5 -4 -4 -4 -3 -3 -2 -2 -2 ------- Run | Yrd Mat Sub Rec Scr Fac Low Low Zio Pro Fac Was Fac Ext Cet Arc Hub Fac Was Fac Res Arm Res Qua Frg Active Infowar (turns) 15387 | 16 102 . . . 1569 329 277 386 179 1632 41 2099 693 47 157 249 1790 97 336 1789 578 749 918 1354 Optics 1401 | . . . . . . . . . . . . . . . . . 323 . . 471 . . 2 605 Sensors 11959 | . . . . . 1566 39 78 386 179 1632 32 2099 479 . . . 1158 97 328 1142 551 534 918 741 A.S.S. 2 | . . . . . . . . . . . . . . . . . . . . . . . . 2 IFF 489 | . . . . . . 290 199 . . . . . . . . . . . . . . . . . Terrain 118 | 16 102 . . . . . . . . . . . . . . . . . . . . . . . Structural 8419 | . . . . . 1560 308 277 318 179 1631 41 1942 223 . . . 1580 97 263 . . . . . Traps 1767 | . . . . . 222 315 275 117 179 659 . . . . . . . . . . . . . . Cloaking 200 | . . . . . . . . . . . . . . . . . 200 . . . . . . . Jamming 4627 | . . . . . . . . . . . . . . 47 157 249 1012 . 147 482 117 749 918 749 Robot Analysis Total 2 | . 2 . . . . . . . . . . . . . . . . . . . . . . . Derelict Logs Recovered 9 | . . 1 . 3 . . 2 2 1 . . . . . . . . . . . . . . . Drone Launches 30 | . . . . . . . . . . . . . 1 . . . 6 . 3 6 3 4 4 3 Drone Recoveries 26 | . . . . . . . . . . . . . 1 . . . 6 . 1 4 3 4 4 3 Exploration | -11 -10 -10 -8 -8 -6 -6 -6 -6 -5 -5 -5 -5 -5 -5 -5 -5 -4 -4 -4 -3 -3 -2 -2 -2 ------------- Run | Yrd Mat Sub Rec Scr Fac Low Low Zio Pro Fac Was Fac Ext Cet Arc Hub Fac Was Fac Res Arm Res Qua Frg Turns Passed 28596 | 36 1489 3313 990 3826 1577 329 277 399 179 1632 41 2137 1588 281 352 309 1900 97 499 1916 857 1379 918 2275 Spaces Moved 27516 | 10 735 1350 524 2112 2918 655 531 1036 397 2589 90 2126 1372 225 264 316 1921 166 570 2422 799 1137 1089 2162 Core . | . . . . . . . . . . . . . . . . . . . . . . . . . Treads 533 | 6 527 . . . . . . . . . . . . . . . . . . . . . . . Legs 4 | 4 . . . . . . . . . . . . . . . . . . . . . . . . Wheels 4483 | . 208 1350 524 2112 . . . . . . . . . . . . . . . . . . . 289 Hover 12825 | . . . . . . . . . . . . 671 1372 225 264 316 1921 166 570 2422 799 1137 1089 1873 Flight 9671 | . . . . . 2918 655 531 1036 397 2589 90 1455 . . . . . . . . . . . . Fastest Speed 29 | 120 160 175 175 175 34 34 34 34 34 29 34 34 32 50 46 46 38 50 44 44 42 43 39 44 Average Speed 68 | 144 168 189 183 180 35 34 34 36 36 34 34 39 46 62 48 50 60 50 52 48 45 54 45 63 Slowest Speed 260 | 160 190 190 190 190 97 34 90 37 37 37 34 53 100 135 52 220 143 94 146 102 260 152 118 145 Overloaded Moves 14 | . . . . . . . . . . . . . 14 . . . . . . . . . . . Propulsion Burnouts . | . . . . . . . . . . . . . . . . . . . . . . . . . Robots Hopped 67 | . . . . . 31 . . . 1 17 . 18 . . . . . . . . . . . . Potential Cave-ins 14 | . . . . . . . . . 2 . . . . . . . . . 4 6 . . . 2 Cave-ins Triggered 1 | . . . . . . . . . . . . . . . . . . . 1 . . . . . Teleports 3 | . . . . . . . . . . . . . . . . . . . . . . . 3 . Exploration Rate (%) 65 | 2 99 70 96 87 80 90 80 88 60 58 66 56 95 77 91 53 52 88 17 64 31 25 67 56 Regions Visited 24 Branch Regions 14 Pre-discovered Areas 16 | . 3 . 6 . 4 . . 1 . 2 . . . . . . . . . . . . . . Known Exits Taken 16 | . . 1 1 . 1 1 1 1 1 . . 1 1 . 1 1 . . 1 1 1 1 1 . Unknown Exits Taken 4 | 1 1 . . 1 . . . . . . . . . 1 . . . . . . . . . . Scrap Searched 17 | . . 3 . 6 . 2 3 3 . . . . . . . . . . . . . . . . Spaces Dug 368 | . . 26 3 . 32 8 3 . 4 27 . 29 3 . . 12 124 . 42 21 10 3 1 20 Terrain Destroyed 982 | . 5 96 5 . 37 11 3 . 7 38 . 37 232 3 2 13 138 . 50 45 35 30 78 117 Melee 164 | . . 6 3 . 31 7 2 . 4 24 . 28 3 . . 12 32 . 12 . . . . . Projectile 255 | . . 1 2 . 6 4 1 . 3 14 . 9 10 3 2 1 16 . 8 37 14 7 5 112 AOE 562 | . 5 89 . . . . . . . . . . 219 . . . 90 . 30 8 20 23 73 5 Terrain Rammed . | . . . . . . . . . . . . . . . . . . . . . . . . . Walls Destroyed . | . . . . . . . . . . . . . . . . . . . . . . . . . Machines Disabled . | . . . . . . . . . . . . . . . . . . . . . . . . . Actions | -11 -10 -10 -8 -8 -6 -6 -6 -6 -5 -5 -5 -5 -5 -5 -5 -5 -4 -4 -4 -3 -3 -2 -2 -2 --------- Run | Yrd Mat Sub Rec Scr Fac Low Low Zio Pro Fac Was Fac Ext Cet Arc Hub Fac Was Fac Res Arm Res Qua Frg Total 35592 | 20 928 2005 543 2128 3312 742 613 1057 420 3219 101 3300 2143 330 455 416 2515 179 715 3053 1140 1849 1506 2903 Wait 5517 | . 126 533 3 . 248 70 70 9 16 526 1 1016 501 53 153 51 392 1 74 393 147 511 293 330 Move 27371 | 9 734 1350 523 2111 2861 654 530 1035 394 2555 89 2093 1371 224 263 315 1921 165 569 2421 798 1136 1088 2162 Hop 57 | . . . . . 25 . . . 1 17 . 14 . . . . . . . . . . . . Pick Up 258 | . 25 16 4 9 21 . 1 3 . 21 3 25 14 4 4 . 17 4 3 31 5 18 15 15 Fast Attach 241 | 1 1 . . 1 14 3 1 2 . 2 1 10 8 3 7 3 15 1 6 33 40 33 11 45 Attach 138 | 2 . 2 . 1 7 . 2 1 1 6 1 16 10 4 1 5 14 . 9 7 9 12 10 18 Detach 66 | . . . . . 4 . 2 2 1 2 1 7 4 1 2 1 7 . 2 8 3 7 3 9 Swap 190 | . 5 17 2 1 10 1 1 1 . 10 1 8 18 2 2 . 17 3 4 16 17 15 23 16 Drop 334 | 2 7 23 4 5 40 3 . 4 . 17 4 29 5 7 5 . 25 5 9 35 15 26 21 43 Fire 847 | 6 29 53 3 . 10 4 2 . 3 17 . 24 97 22 9 23 23 . 9 96 81 75 42 219 Melee 355 | . . 11 4 . 53 7 4 . 4 45 . 58 27 1 9 15 71 . 30 . . 16 . . Ram 4 | . . . . . . . . . . . . . . . . . . . . . 3 . . 1 Kick . | . . . . . . . . . . . . . . . . . . . . . . . . . Crush 1 | . 1 . . . . . . . . . . . . . . . . . . . . . . . Escape Stasis 77 | . . . . . 15 . . . . . . . 23 . . . 13 . . 13 . . . 13 Rewire 71 | . . . . . . . . . . . . . 49 . . . . . . . 22 . . . Trap . | . . . . . . . . . . . . . . . . . . . . . . . . . Miscellaneous 65 | . . . . . 4 . . . . 1 . . 16 9 . 3 . . . . . . . 32 Route ------- -11/Scrapyard -10/Materials (discovered 5 exits: *Mat x3 / [*Min] / *Sub) -10/Subcaves (discovered 4 exits: *Mat x2 / *Rec / *Scr) -8/Recycling (discovered 2 exits: *Fac / *Scr) -8/Scraptown (discovered 2 exits: *Fac x2) -6/Factory (discovered 4 exits: *Fac x3 / *Low) -6/Lower Caves -6/Lower Caves -6/Zion -5/Proximity Caves -5/Factory (discovered 7 exits: *Fac x4 / *Upp x2 / Ext) -5/Waste -5/Factory (discovered 5 exits: *Fac / *Upp x2 / *Ext x2) -5/Extension (discovered 3 exits: *Fac x2 / *Cet) -5/Cetus (discovered 2 exits: *Fac / [*Arc]) -5/Archives (discovered 3 exits: *Fac / *Hub x2) -5/Hub_04(d) (discovered 2 exits: *Fac x2) -4/Factory (discovered 6 exits: *Res x4 / *Upp x2) -4/Waste -4/Factory (discovered 6 exits: *Res x4 / *Upp x2) -3/Research (discovered 3 exits: *Res x2 / *Arm) -3/Armory (discovered 2 exits: *Res x2) -2/Research (discovered 2 exits: *Acc / *Qua) -2/Quarantine (discovered 3 exits: *Acc / *Sec / *Frg) -2/Protoforge History --------- Turn | Location | Event 19 | -11/Scrapyard | Discovered new exit (range 3) 37 | -11/Scrapyard | Entered Materials 312 | -10/Materials | Build established: Mutant 442 | -10/Materials | Discovered new exit (range 16) 490 | -10/Materials | Discovered new exit (range 14) 576 | -10/Materials | Discovered new exit (range 4) 711 | -10/Materials | Discovered new exit (range 15) 878 | -10/Materials | Discovered new exit (range 6) 1092 | -10/Materials | Learned location of 1 exit from Storage 1116 | -10/Materials | Identified exit to Materials 1135 | -10/Materials | Learned Storage terminal intel 1136 | -10/Materials | Learned location of 2 exits from Mines 1151 | -10/Materials | Learned 4 Recycling zone layouts 1170 | -10/Materials | Learned Storage stockpile data 1526 | -10/Materials | Entered Subcaves 1527 | -10/Subcaves | Approached by a straggling Scientist 1527 | -10/Subcaves | Identified exit to Materials 1527 | -10/Subcaves | Identified exit to Recycling 1820 | -10/Subcaves | A swath of the cavern ceiling suddenly collapsed 1920 | -10/Subcaves | Shifting Twisted Machinery released Sub. Beam Cannon 1936 | -10/Subcaves | Core integrity fell below 50% 2062 | -10/Subcaves | Scientist uncovered a shortcut to Scraptown 2356 | -10/Subcaves | Shifting Twisted Machinery released Battle Rifle 2640 | -10/Subcaves | Shifting Twisted Machinery released Sub. Power Source 2776 | -10/Subcaves | A Subdweller sparked back to life 2776 | -10/Subcaves | A Subdweller sparked back to life 2776 | -10/Subcaves | A Subdweller sparked back to life 2824 | -10/Subcaves | Found Prototype Leg 3334 | -10/Subcaves | Ambushed by Subdweller buried in earth 3502 | -10/Subcaves | Shifting Twisted Machinery released Spk. Treads 3877 | -10/Subcaves | Shifting Twisted Machinery released Sub. Machine Gun 4050 | -10/Subcaves | Visited 4L-MR0's lab 4057 | -10/Subcaves | Identified Arachnoskeleton 4319 | -10/Subcaves | Disturbed a concealed Subdweller 4501 | -10/Subcaves | Found Flightbrick 4839 | -10/Subcaves | Entered Recycling 4840 | -8/Recycling | Identified exit to Scraptown 5233 | -8/Recycling | Discovered new exit (range 16) 5785 | -8/Recycling | Scanned before Scraplab entrance 5810 | -8/Recycling | Entered Scraplab 5829 | -8/Recycling | Entered Scraptown 5829 | -8/Scraptown | System corruption cleaned by C-Scrubber 5870 | -8/Scraptown | Heard Great Nut preacher, LISTEN AND RECITE! 6171 | -8/Scraptown | Scanned Subdweller tech in exchange for log data 6176 | -8/Scraptown | Learned Research terminal intel 6178 | -8/Scraptown | Learned Factory garrison access intel 6197 | -8/Scraptown | Discovered new exit (range 11) 6316 | -8/Scraptown | Visited Spacefarers 6344 | -8/Scraptown | Visited Bundlers 6410 | -8/Scraptown | Visited CR-KLE's Repair Center 6433 | -8/Scraptown | Visited Red Mages 6670 | -8/Scraptown | Visited Shadow of the Wyrm 6699 | -8/Scraptown | Visited UFD Registry 6699 | -8/Scraptown | Registered with UFD as "Carbonbot" 6724 | -8/Scraptown | Visited Cyclists 6736 | -8/Scraptown | Entered Cyclist Reading Room 6797 | -8/Scraptown | Visited CPS Storage 6955 | -8/Scraptown | Visited Science Testing Area 6985 | -8/Scraptown | Visited Scrapoid Research Area 7007 | -8/Scraptown | Visited Research Penetration Think Tank 7058 | -8/Scraptown | Visited Chapter 10 7151 | -8/Scraptown | Delivered Scrap Shield to a Scientist 7308 | -8/Scraptown | Visited Abandonware Association 7321 | -8/Scraptown | Learned abandonware demo "OVRCLOCK.EXE" 7326 | -8/Scraptown | Learned abandonware demo "SHUTEYE.EXE" 7326 | -8/Scraptown | Learned abandonware demo "REBOOT5.EXE" 7395 | -8/Scraptown | Visited Observation Area 7692 | -8/Scraptown | Visited Curators Association 7993 | -8/Scraptown | Visited Derelict Rescue Squad 9414 | -8/Scraptown | Discovered new exit (range 3) 9543 | -8/Scraptown | Met Optimus 9543 | -8/Scraptown | Accepted into 0bPrime 9655 | -8/Scraptown | Entered Factory 9655 | -6/Factory | Evolved 8 slots: Propulsion x4, Utility x3, Weapon x1 9656 | -6/Factory | Identified exit to Lower Caves 9656 | -6/Factory | Attached Flightbrick, gained temporary slots: Utility x3 9657 | -6/Factory | Loaded intel: 4 garrison access locations 9710 | -6/Factory | Loaded intel: 8 recycling unit locations 9862 | -6/Factory | Discovered new exit (range 7) 9881 | -6/Factory | Learned location of Protoforge (-2) 10162 | -6/Factory | Build established: Scout 10393 | -6/Factory | Discovered new exit (range 12) 10563 | -6/Factory | Spotted B-75 Beast 10849 | -6/Factory | Learned Hub_04(d) non-interactive machine intel 10850 | -6/Factory | Build established: Hacker-Scout 10899 | -6/Factory | Learned 2 Proximity Caves zone layouts 10953 | -6/Factory | Fabricated Nuclear Pulse Array (x1) 10964 | -6/Factory | Discovered new exit (range 13) 10968 | -6/Factory | Identified exit to Factory 10992 | -6/Factory | Learned location of 1 exit from Hub_04(d) 11006 | -6/Factory | Learned location of Upper Caves (-4) 11017 | -6/Factory | Learned location of 2 exits from Archives 11074 | -6/Factory | Learned Hub_04(d) stockpile data 11116 | -6/Factory | Learned location of Zion (-6) 11194 | -6/Factory | Central database locked down 11232 | -6/Factory | Entered Lower Caves 11234 | -6/Lower Caves | UFD Scientist delivered a prototype 11480 | -6/Lower Caves | Found Prototype Protection 11480 | -6/Lower Caves | Identified Enh. Scrap Shield 11538 | -6/Lower Caves | Discovered new exit (range 5) 11561 | -6/Lower Caves | Identified exit to Lower Caves 11561 | -6/Lower Caves | Entered another Lower Caves area 11563 | -6/Lower Caves | Build established: Hacker-Mutant 11566 | -6/Lower Caves | Encountered a Warlord checkpoint 11735 | -6/Lower Caves | Learned Factory terminal intel 11746 | -6/Lower Caves | Learned Factory stockpile data 11810 | -6/Lower Caves | Discovered new exit (range 2) 11810 | -6/Lower Caves | Identified exit to Zion 11838 | -6/Lower Caves | Entered Zion 11853 | -6/Zion | Given the Hacking Drone Bay 11853 | -6/Zion | Found Prototype Device 11853 | -6/Zion | Identified Hacking Drone Bay 11870 | -6/Zion | System corruption cleaned by Quarantine Array 11891 | -6/Zion | Discovered new exit (range 9) 11947 | -6/Zion | Loaded intel: 4 derelict terminal locations 11977 | -6/Zion | Found CR-A16's Pointy Stick 12016 | -6/Zion | Visited the Megawrench Repair Shop 12074 | -6/Zion | Build established: Hacker-Scout 12117 | -6/Zion | Turned away by Imprinter 12175 | -6/Zion | Megawrench repaired 6 parts 12199 | -6/Zion | Identified exit to Proximity Caves 12237 | -6/Zion | Entered Proximity Caves 12243 | -5/Proximity Caves | Learned Factory interactive machine intel 12370 | -5/Proximity Caves | Discovered exit to Factory (range 5) 12416 | -5/Proximity Caves | Entered Factory 12416 | -5/Factory | Evolved 2 slots: Propulsion x1, Utility x1 12417 | -5/Factory | Identified exit to Extension 12419 | -5/Factory | Loaded intel: 56 interactive machine locations 12420 | -5/Factory | Loaded intel: 28 terminal locations 12538 | -5/Factory | Discovered new exit (range 16) 12569 | -5/Factory | Identified exit to Upper Caves 12592 | -5/Factory | Fabricated Nuclear Pulse Array (x1) 12599 | -5/Factory | Loaded intel: 8 recycling unit locations 12618 | -5/Factory | Watched by a mysterious "MATRIX" hacker. 12805 | -5/Factory | Learned location of Armory (-3) 12827 | -5/Factory | Imp. Hacking Suite fried by hacking feedback 12833 | -5/Factory | Learned Armory interactive machine intel 12851 | -5/Factory | Learned location of Proximity Caves (-5) 12857 | -5/Factory | Learned Testing stockpile data 12894 | -5/Factory | Identified exit to Factory 12938 | -5/Factory | Discovered exit to Factory (range 12) 13043 | -5/Factory | Discovered exit to Factory (range 16) 13310 | -5/Factory | Discovered exit to Factory (range 8) 14048 | -5/Factory | Manually triggered Chute Trap 14048 | -5/Factory | Sucked down chute 14048 | -5/Factory | Entered Waste 14054 | -5/Waste | Spotted C-40 Crusher 14056 | -5/Waste | Spotted C-40 Crusher 14071 | -5/Waste | Found Adv. Powered Armor 14072 | -5/Waste | Spotted C-40 Crusher 14075 | -5/Waste | Spotted C-40 Crusher 14076 | -5/Waste | Spotted C-40 Crusher 14077 | -5/Waste | Discovered new exit (range 16) 14078 | -5/Waste | Spotted C-40 Crusher 14085 | -5/Waste | Found Prototype Launcher 14085 | -5/Waste | Identified Adv. Micro-nuke Launcher 14089 | -5/Waste | Identified exit to Factory 14089 | -5/Waste | Entered Factory 14161 | -5/Factory | Loaded intel: 8 recycling unit locations 14336 | -5/Factory | Repaired Adv. Powered Armor 14445 | -5/Factory | Repaired Adv. Micro-nuke Launcher 14447 | -5/Factory | Learned 2 Upper Caves zone layouts 14477 | -5/Factory | Learned Extension emergency access door positions 14496 | -5/Factory | Learned Research scanalyzer intel 14504 | -5/Factory | Loaded intel: 86 trap records 14521 | -5/Factory | Learned Quarantine emergency access door positions 14549 | -5/Factory | Learned Armory stockpile data 15008 | -5/Factory | Discovered exit to Factory (range 14) 15150 | -5/Factory | Central database locked down 15347 | -5/Factory | Fabricated Imp. System Restoration Module (x2) 15852 | -5/Factory | Build established: Scientist-Scout 16226 | -5/Factory | Entered Extension 16297 | -5/Extension | Identified exit to Cetus 16347 | -5/Extension | Rescued A7 16410 | -5/Extension | Rescued a captive Derelict 16411 | -5/Extension | Rescued a captive Derelict 16853 | -5/Extension | Spotted B-75 Beast 16861 | -5/Extension | Allies destroyed B-75 Beast 16876 | -5/Extension | Spotted B-75 Beast 16907 | -5/Extension | Allies destroyed B-75 Beast 16922 | -5/Extension | Rescued a captive Derelict 16923 | -5/Extension | Rescued a captive Derelict 16952 | -5/Extension | Build established: Commander-Mutant 16963 | -5/Extension | Rescued a captive Derelict 17006 | -5/Extension | Targeted by mysterious "MATRIX" hacker. 17017 | -5/Extension | Rescued a captive Derelict 17106 | -5/Extension | Repaired Broken Adv. Powered Armor 17117 | -5/Extension | Rescued a captive Derelict 17230 | -5/Extension | Rescued a captive Derelict 17426 | -5/Extension | First assault squad dispatched 17514 | -5/Extension | Lost 9 allies 17551 | -5/Extension | Disrupted transfer network 17569 | -5/Extension | Disrupted transfer network 17606 | -5/Extension | Destroyed 11 combat bots 17608 | -5/Extension | Lost 3 parts (2n1w) 17638 | -5/Extension | Rescued a captive Derelict 17639 | -5/Extension | Rescued a captive Derelict 17757 | -5/Extension | Local machine network offline 17814 | -5/Extension | Entered Cetus 17814 | -5/Cetus | Accompanied by 1 ally (A7) 17819 | -5/Cetus | Acquired a Cetus Manufacturing Module code from A7 17826 | -5/Cetus | Spotted Cetus Guard 17835 | -5/Cetus | Spotted Cetus Guard 17836 | -5/Cetus | Allies destroyed Cetus Guard 17836 | -5/Cetus | Spotted Cetus Guard 17838 | -5/Cetus | Spotted Cetus Guard 17842 | -5/Cetus | Allies destroyed Cetus Guard 17855 | -5/Cetus | Allies destroyed Cetus Guard 17867 | -5/Cetus | Allies destroyed Cetus Guard 17891 | -5/Cetus | Started Cetus Manufacturing Module 17912 | -5/Cetus | Escorted A7 to Cetus Mainframe 17916 | -5/Cetus | Manufactured an Enhanced Grunt 17941 | -5/Cetus | Manufactured an Enhanced Grunt 17966 | -5/Cetus | Manufactured an Enhanced Grunt 17980 | -5/Cetus | Discovered new exit (range 15) 17988 | -5/Cetus | System corruption reached 10% 17991 | -5/Cetus | Manufactured an Enhanced Grunt 18010 | -5/Cetus | Spotted Cetus Guard 18010 | -5/Cetus | Spotted Cetus Guard 18016 | -5/Cetus | Manufactured an Enhanced Grunt 18017 | -5/Cetus | Destroyed Cetus Guard 18018 | -5/Cetus | Spotted Cetus Guard 18020 | -5/Cetus | Allies destroyed Cetus Guard 18020 | -5/Cetus | Spotted Cetus Guard 18023 | -5/Cetus | Allies destroyed Cetus Guard 18028 | -5/Cetus | Allies destroyed Cetus Guard 18038 | -5/Cetus | Discovered exit to Factory (range 15) 18044 | -5/Cetus | Met Revision 17 18095 | -5/Cetus | Entered Archives 18095 | -5/Archives | Accompanied by 6 allies (A7) 18096 | -5/Archives | Identified exit to Hub_04(d) 18100 | -5/Archives | Received a hacking code to weaken MAIN.C 18200 | -5/Archives | Discovered exit to Hub_04(d) (range 16) 18246 | -5/Archives | Build established: Hacker-Mutant 18447 | -5/Archives | Entered Hub_04(d) 18447 | -5/Hub_04(d) | Accompanied by 5 allies 18450 | -5/Hub_04(d) | Loaded intel: 71 non-interactive machine locations 18450 | -5/Hub_04(d) | Discovered exit to Factory (range 14) 18553 | -5/Hub_04(d) | Lost 3 parts (1p1n1w) 18610 | -5/Hub_04(d) | Garrison activated, responded to threat 18689 | -5/Hub_04(d) | Lost 4 parts (3n1u) 18689 | -5/Hub_04(d) | Spotted B-75 Beast 18715 | -5/Hub_04(d) | Network Hub disabled 18726 | -5/Hub_04(d) | Spotted Lightning 18747 | -5/Hub_04(d) | First assault squad dispatched 18750 | -5/Hub_04(d) | Network Hub disabled 18756 | -5/Hub_04(d) | Entered Factory 18756 | -4/Factory | Evolved 2 slots: Utility x2 19280 | -4/Factory | Loaded intel: 8 recycling unit locations 19354 | -4/Factory | Discovered new exit (range 19) 19382 | -4/Factory | Build established: Scavenger-Mutant 19579 | -4/Factory | Identified exit to Upper Caves 19582 | -4/Factory | Identified exit to Research 19801 | -4/Factory | Central database locked down 19875 | -4/Factory | Scrapoid reinforcements arrived 19950 | -4/Factory | Lost 5 allies 20187 | -4/Factory | Build established: Infiltrator-Ninja 20656 | -4/Factory | Sucked down chute 20656 | -4/Factory | Entered Waste 20656 | -4/Waste | The area was eerily silent 20745 | -4/Waste | Discovered new exit (range 14) 20752 | -4/Waste | Identified exit to Factory 20753 | -4/Waste | Entered Factory 20809 | -4/Factory | Loaded intel: 8 recycling unit locations 20852 | -4/Factory | Discovered exit to Research (range 5) 20887 | -4/Factory | Discovered exit to Upper Caves (range 15) 21080 | -4/Factory | P-70 Sage assimilated allied Technician 7a 21128 | -4/Factory | Lost 5 parts (1p2n2u) 21137 | -4/Factory | Crushed by falling debris 21198 | -4/Factory | Spotted B-86 Titan 21215 | -4/Factory | System corruption reached 10% 21229 | -4/Factory | Lost 9 parts (3n3u3w) 21248 | -4/Factory | Found Launcher Loader 21252 | -4/Factory | Entered Research 21252 | -3/Research | Evolved 2 slots: Power x1, Weapon x1 21253 | -3/Research | Loaded intel: 21 terminal locations 21254 | -3/Research | Loaded intel: 6 scanalyzer locations 21442 | -3/Research | Found Prototype Processor 21442 | -3/Research | Identified Spectral Analyzer 21445 | -3/Research | Found Spectral Analyzer 21452 | -3/Research | Revision forces began assault on 0b10 21534 | -3/Research | Met up with Revision 17++ 21672 | -3/Research | Found Gamma Bomb Array 21728 | -3/Research | Discovered new exit (range 23) 21833 | -3/Research | Loaded intel: 5 recycling unit locations 21928 | -3/Research | Central database locked down 21952 | -3/Research | Research terminal network offline 22052 | -3/Research | Discovered new exit (range 13) 22058 | -3/Research | Identified exit to Research 22119 | -3/Research | Identified exit to Armory 22133 | -3/Research | Spotted Striker 22141 | -3/Research | Destroyed Striker 22194 | -3/Research | Spotted Striker 22234 | -3/Research | Destroyed Striker 22257 | -3/Research | Found Corrupted Fusion Bomb Launcher 22352 | -3/Research | Repaired Broken Adv. Plasma Cannon 22436 | -3/Research | Repaired Cmb. Antigrav System 22523 | -3/Research | Found Prototype Device 22688 | -3/Research | Found Prototype Device 22701 | -3/Research | Identified Exp. EM Disruption Field 22701 | -3/Research | Identified Exp. Thermal Shield 22728 | -3/Research | Discovered exit to Research (range 8) 22811 | -3/Research | Spotted Striker 22816 | -3/Research | Destroyed Striker 22849 | -3/Research | Lost 4 allies 23101 | -3/Research | Scrapoids reinforcements arrived? 23168 | -3/Research | Entered Armory 23168 | -3/Armory | Accompanied by 5 allies 23170 | -3/Armory | Loaded intel: 24 interactive machine locations 23251 | -3/Armory | Lost 3 allies 23483 | -3/Armory | Fabricated Adv. Sensor Array? 23626 | -3/Armory | P-80 Master assimilated allied Archangel 8a 23898 | -3/Armory | Lost 6 parts (4u2w) 23933 | -3/Armory | Spotted B-86 Titan 23966 | -3/Armory | Core integrity fell below 50% 24009 | -3/Armory | Core integrity fell below 20% 24025 | -3/Armory | Entered Research 24025 | -2/Research | Evolved 2 slots: Utility x2 24050 | -2/Research | Lost 16 parts (3p4n4u5w) 24460 | -2/Research | Repaired Com. HERF Cannon+ 24529 | -2/Research | Repaired Cmb. Antigrav System 24630 | -2/Research | Found Quantum Capacitor 24632 | -2/Research | Found Quantum Capacitor 24959 | -2/Research | Discovered new exit (range 10) 24963 | -2/Research | Identified exit to Access 25008 | -2/Research | Build established: Scavenger-Gunner 25159 | -2/Research | Repaired Com. HERF Cannon+ 25207 | -2/Research | Repaired Broken Cmb. Antigrav System 25221 | -2/Research | Found Prototype Processor 25221 | -2/Research | Identified Exp. Core Analyzer 25336 | -2/Research | Discovered new exit (range 13) 25349 | -2/Research | Identified exit to Quarantine 25404 | -2/Research | Entered Quarantine 25419 | -2/Quarantine | Found Gamma Bomb Array+ 25461 | -2/Quarantine | Found Alien Reactor 25461 | -2/Quarantine | Identified Matter Drive 25490 | -2/Quarantine | Found Alien Artifact 25492 | -2/Quarantine | Found Alien Artifact 25559 | -2/Quarantine | Repaired Cmb. Antigrav System+ 25638 | -2/Quarantine | Repaired Cmb. Antigrav System+ 25736 | -2/Quarantine | Found Alien Slashing Weapon 25736 | -2/Quarantine | Identified Sigix Broadsword 25766 | -2/Quarantine | Found Alien Artifact 25767 | -2/Quarantine | Identified Phase Redirector 25845 | -2/Quarantine | Found Alien Energy Cannon 25845 | -2/Quarantine | Identified Core Cannon 25861 | -2/Quarantine | Found Alien Artifact 25861 | -2/Quarantine | Identified Subatomic Replicator 25865 | -2/Quarantine | Used Subatomic Replicator to replicate Core Cannon 25926 | -2/Quarantine | Identified Dimensional Node Initializer 25926 | -2/Quarantine | Initialized slip node 26002 | -2/Quarantine | Found Alien Artifact 26002 | -2/Quarantine | Identified Transdimensional Reconstructor 26002 | -2/Quarantine | Warped through subspace to slip node 26064 | -2/Quarantine | Found Transdimensional Reconstructor 26067 | -2/Quarantine | Found Transdimensional Reconstructor 26168 | -2/Quarantine | Warped through subspace 26187 | -2/Quarantine | Warped through subspace 26209 | -2/Quarantine | Spotted Fortress 26239 | -2/Quarantine | Discovered new exit (range 6) 26239 | -2/Quarantine | Discovered new exit (range 7) 26241 | -2/Quarantine | Identified exit to Section 7 26243 | -2/Quarantine | Identified exit to Protoforge 26322 | -2/Quarantine | Entered Protoforge 26376 | -2/Protoforge | Superfortress began startup sequence 26391 | -2/Protoforge | Build established: Scavenger-Skirmisher 26452 | -2/Protoforge | System corruption reached 10% 26583 | -2/Protoforge | Spotted Hotshot 26583 | -2/Protoforge | Spotted Hotshot 26596 | -2/Protoforge | Spotted Hotshot 26596 | -2/Protoforge | Spotted Hotshot 26796 | -2/Protoforge | Found Prototype Launcher 26796 | -2/Protoforge | Identified Cep. Concussive Dispersal Blaster 26820 | -2/Protoforge | Core integrity fell below 50% 26934 | -2/Protoforge | Repaired Imp. Antigrav System+ 26986 | -2/Protoforge | Repaired Imp. Heavy Armor Plating 27005 | -2/Protoforge | Spotted Hotshot 27008 | -2/Protoforge | Spotted Hotshot 27016 | -2/Protoforge | Destroyed Hotshot 27030 | -2/Protoforge | Destroyed Hotshot 27056 | -2/Protoforge | Spotted Hotshot 27057 | -2/Protoforge | Lost 3 parts (1n2u) 27057 | -2/Protoforge | Spotted Hotshot 27099 | -2/Protoforge | Destroyed Hotshot 27106 | -2/Protoforge | Destroyed Hotshot 27192 | -2/Protoforge | Spotted EXE-6 27192 | -2/Protoforge | Spotted EXE-6 27241 | -2/Protoforge | UFD initiated attack on Protoforge (Readiness: Maximal) 27241 | -2/Protoforge | Loaded intel: 3 recycling unit locations 27277 | -2/Protoforge | Optimus greeted in Protoforge 27277 | -2/Protoforge | Spotted Decapitator 27282 | -2/Protoforge | Found Exp. Core Analyzer 27289 | -2/Protoforge | Found Prototype Device 27289 | -2/Protoforge | Identified Exp. Kinecellerator 27297 | -2/Protoforge | Found Prototype Ballistic Gun 27297 | -2/Protoforge | Identified Cep. XC Strikerail 27319 | -2/Protoforge | Found UFD Drillbomb 27326 | -2/Protoforge | Lost 7 allies 27370 | -2/Protoforge | Spotted AP7-3 27373 | -2/Protoforge | Spotted AP7-3 27390 | -2/Protoforge | Found Prototype Energy Gun 27390 | -2/Protoforge | Identified Enh. Gamma Rifle 27395 | -2/Protoforge | Found Prototype Processor 27395 | -2/Protoforge | Identified Exp. Target Analyzer 27408 | -2/Protoforge | Lost 6 allies 27419 | -2/Protoforge | Met 7R-MNS 27425 | -2/Protoforge | Build established: Scavenger-Gunner 27440 | -2/Protoforge | UFD reported confirmed Drillbomb installation 27441 | -2/Protoforge | Found UFD Drillbomb 27499 | -2/Protoforge | Spotted Striker 27499 | -2/Protoforge | Spotted Executioner 27499 | -2/Protoforge | Spotted B-90 Cyclops 27513 | -2/Protoforge | Destroyed Striker 27515 | -2/Protoforge | Lost 4 allies 27593 | -2/Protoforge | Lost 5 parts (1p1n1u2w) 27638 | -2/Protoforge | Lost 3 parts (2u1w) 27639 | -2/Protoforge | Spotted Overlord 27645 | -2/Protoforge | Found 0bPrime Scrap Suit 27658 | -2/Protoforge | Spotted Executioner 27659 | -2/Protoforge | Spotted Striker 27659 | -2/Protoforge | Found Prototype Device 27659 | -2/Protoforge | Identified Exp. Active Sensor Suite 27662 | -2/Protoforge | Found Prototype Device 27662 | -2/Protoforge | Identified Adv. Kinecellerator 27664 | -2/Protoforge | Spotted Immortal 27666 | -2/Protoforge | Spotted Immortal 27670 | -2/Protoforge | Spotted Immortal 27670 | -2/Protoforge | Found Prototype Protection 27670 | -2/Protoforge | Identified Centrium Heavy Armor Plating 27675 | -2/Protoforge | Lost 4 allies 27676 | -2/Protoforge | Spotted 02F09-K 27692 | -2/Protoforge | Lost 3 parts (2n1u) 27726 | -2/Protoforge | Lost 12 allies 27730 | -2/Protoforge | Found UFD Drillbomb 27801 | -2/Protoforge | Destroyed Immortal 27802 | -2/Protoforge | Build established: Scavenger-Mutant 27837 | -2/Protoforge | Spotted Striker 27838 | -2/Protoforge | Spotted Striker 27847 | -2/Protoforge | Destroyed Striker 27911 | -2/Protoforge | Spotted EXE-6 27924 | -2/Protoforge | Destroyed EXE-6 27956 | -2/Protoforge | Spotted Executioner 27957 | -2/Protoforge | Spotted Striker 27964 | -2/Protoforge | Destroyed Striker 27982 | -2/Protoforge | Destroyed Executioner 28007 | -2/Protoforge | Lost 7 allies 28060 | -2/Protoforge | Installed UFD Drillbomb at designated target 28060 | -2/Protoforge | UFD reported confirmed Drillbomb installation 28142 | -2/Protoforge | Installed UFD Drillbomb at designated target 28142 | -2/Protoforge | UFD reported confirmed Drillbomb installation 28165 | -2/Protoforge | Spotted Hotshot 28166 | -2/Protoforge | Spotted Hotshot 28168 | -2/Protoforge | Spotted Hotshot 28168 | -2/Protoforge | P-80 Master assimilated allied 02F84-D 28186 | -2/Protoforge | Destroyed 02F13-K 28200 | -2/Protoforge | Destroyed Hotshot 28204 | -2/Protoforge | Destroyed Hotshot 28227 | -2/Protoforge | Destroyed Hotshot 28229 | -2/Protoforge | Core integrity fell below 20% 28239 | -2/Protoforge | Lost 6 allies 28250 | -2/Protoforge | Found UFD Drillbomb 28261 | -2/Protoforge | Lost 4 parts (1p2u1w) 28275 | -2/Protoforge | Spotted Executioner 28277 | -2/Protoforge | Build established: Scavenger-Scrapper 28279 | -2/Protoforge | Destroyed Executioner 28281 | -2/Protoforge | Spotted Striker 28309 | -2/Protoforge | Destroyed Striker 28372 | -2/Protoforge | Installed UFD Drillbomb at designated target 28372 | -2/Protoforge | UFD reported confirmed Drillbomb installation 28482 | -2/Protoforge | Spotted Executioner 28482 | -2/Protoforge | Spotted Striker 28492 | -2/Protoforge | Destroyed Striker 28500 | -2/Protoforge | Found UFD Drillbomb 28504 | -2/Protoforge | Spotted Striker 28518 | -2/Protoforge | Destroyed Executioner 28531 | -2/Protoforge | Found Prototype Processor 28531 | -2/Protoforge | Identified Exp. Targeting Computer 28536 | -2/Protoforge | Lost 4 allies 28543 | -2/Protoforge | Forge Plexus network access discovered 28561 | -2/Protoforge | Spotted Striker 28572 | -2/Protoforge | Lost 7 parts (1p4u2w) 28578 | -2/Protoforge | Spotted Decapitator 28581 | -2/Protoforge | Spotted Decapitator 28581 | -2/Protoforge | Spotted Decapitator 28584 | -2/Protoforge | Spotted Decapitator 28584 | -2/Protoforge | Destroyed Decapitator 28586 | -2/Protoforge | Destroyed Decapitator 28591 | -2/Protoforge | Destroyed Decapitator 28595 | -2/Protoforge | Spotted Executioner 28597 | -2/Protoforge | Destroyed by Executioner with Helical Railgun Last Messages --------------- Forge Plexus. 28594_ N-04 Retriever collects Exp. Surge Thruster. 28594_ N-04 Retriever inserts Corrupted Lgt. Antimatter Reactor into Forge Plexus. 28594_ Ovr. Huge Scrapsphere repairs itself (+13). 28594_ Ovr. Huge Scrapsphere suddenly begins malfunctioning. 28595_ N-04 Retriever collects Mak. Microdissipator Network. 28596_ C-45 Heavy ARC bursts open, deploying its payload. 28596_ G-73 Enforcer unfolds itself. 28596_ L-61 Swordsman unfolds itself. 28596_ G-73 Enforcer unfolds itself. 28596_ Slug penetrates Executioner. 28597_ Penetrated by Slug. 28597_ Slug penetrates Forge Plexus. 28597_ Penetrated by Slug. Map ----- +----------------------------------------------------+ | #############???# """" " " [ !! | | #############???# "" " "" """ """" "" " | | ## ##???# """ """" """ " """ | | ## ##???# "" * " % | | ## ##???# " "" / !""" " | | ## ##???# "" "" """" = " | | ## """ " " ##???# " "" *!! " | | ## """ "R" ##???# " "" " "!"!! | | ## """ """ ##???# " " "" """"!!= """ | | ## ##???# "" | | ######+######???# "" "" """ | | #####???# """"" " %%%"%%"% * | | ##### ##??????# " % % " ! % = | | # # # ##??????# " " %=""" %% ! | | # ## "#??????# """"" %%% "" !! | | # " ##??????# " % "" %%% %" """"""" | | "" " ##??????# """" n %= """""""""" | | " " ##??????# "" " [% """"""""""" | | " " ##??????# " """""""""""" | | " # ######### "" """"""""""""" | | # # ######### " % % """""""""""""" | | " # ## ## % """"""""""""""" | | " # ## ## " " " """""""""""""""" | | "## ## ## "" m% """""""""""""""" | | ###% %## ## " % """""""""""""""" | | ""##% # ## %@ """"""""""""""""" | | ""%" # ## " n """"""""""""""""" | | %% %&%% %" ## % " !== """"""""""""""""" | | %""" % # % %= """"""""""""""""" | | # lgE % ==%% n """"""""""""""""" | | !=####### g% # " %%% % """"""""""""""""" | | %*######## ## "" % % """"""""""""""""" | | % #?????## "#% %%% " """"""""""""""""" | | !!##???########## %" """"""""""""""""" | | !! ###?# ######## """""""""""""""" | | !! #### ##????# n % """""""""""""""" | | ## # ####?# "" "" % """""""""""""""" | | ### "% %% """"""""""""""" | | % """ #% % " %% % """""""""""""" | | """"%"""%"""" ""#% %" * %""""""""""""" | | % % %%/ %%"[== "" "" """""""""""" | | %%% % % % %/% %%*%/ "% " =""""""""""" | | % % % % /%% ""!! "" """""""""" | | %"%"##+&"#### %"# % " " % % %% """"""" | | ! "= * ####"# # % % """ | | # ! ### #### % " """ " %"%"%" & | | [ # ####???# * " "" % % % | | ## ##?????# % % " | | ## ##?????# " " %" " &=%"% """ % | | ### ##?????# "/ """"% | +----------------------------------------------------+ Best States ------------- Heat Dissipation 185 Energy Generation 68 Energy Capacity 1490 Matter Stores 300 Matter Capacity 300 Sight Range 24 Robot Scan Range 20 Terrain Scan Range 16 Terrain Scan Density 10 Jamming Range 16 Cloak Strength 2 Power Amplification 40 Base Temperature (-) 200 Corruption Block 15 Armor Coverage 1200 Resistance: KI 25 Propulsion Shielding 90 Weapon Shielding 90 Evasion (%) 73 Targeting Accuracy 12 Target Analysis 12 Core Analysis 9 Recoil Reduction 6 Energy Filtering 50 Kinecelleration 66 Offensive Hacking 26 Defensive Hacking 24 Item Schematics ----------------- Hyp. Gauss Rifle | -8/Recycling | Hacked Cld. Plasma Cannon | -6/Factory | Scanalyzed Nuclear Pulse Array | -6/Factory | Hacked Multitool | -6/Factory | Scanalyzed Cld. Cesium-ion Thruster | -6/Factory | Scanalyzed Adv. Sensor Array | -6/Factory | Scanalyzed Stasis Canceller | -6/Factory | Scanalyzed IFF Parser | -6/Factory | Scanalyzed Fission Core | -6/Factory | Scanalyzed Hvy. Missile Launcher | -6/Factory | Scanalyzed Adv. System Shield | -6/Factory | Hacked Adv. Recoil Stabilizer | -6/Zion | Archive Imp. Core Shielding | -6/Zion | Archive Lrn. Proton Cannon | -6/Zion | Archive Drone Bay | -6/Zion | Archive Arm. Medium Treads | -6/Zion | Archive Fusion Compressor | -6/Zion | Archive Enh. Gauss Cannon | -6/Zion | Archive Power Sword | -6/Zion | Archive Adv. Thermal Shield | -6/Zion | Archive Matter Neutralizer | -6/Zion | Archive Imp. Recalibrator | -6/Zion | Archive Imp. Particle Charger | -6/Zion | Archive Nuclear Pulse Thruster | -6/Zion | Archive Imp. Shock Absorption System | -6/Zion | Archive Mic. Antimatter Reactor | -5/Factory | Hacked Com. HERF Cannon | -5/Factory | Hacked Cld. VTOL Module | -5/Factory | Scanalyzed Imp. System Restoration Module | -5/Factory | Hacked Adv. Transmission Jammer | -5/Extension | Hacked Adv. Micro-nuke Launcher | -4/Factory | Scanalyzed Adv. Powered Armor | -4/Factory | Scanalyzed Centrium Medium Armor Plating | -4/Factory | Scanalyzed Adv. Signal Interpreter | -4/Factory | Scanalyzed Hvy. Disruptor Cannon | -4/Factory | Extracted Quantum Capacitor | -2/Research | Scanalyzed Cmb. Linear Gravjet | -2/Research | Scanalyzed Robot Schematics ------------------ K-01 Serf | -6/Zion | Archive S-27 Virus | -6/Zion | Archive A-15 Conveyor | -6/Zion | Archive Fabricated ------------ Nuclear Pulse Array | x1 | -6/Factory Nuclear Pulse Array | x1 | -5/Factory Imp. System Restoration Module | x2 | -5/Factory Adv. Sensor Array | x2 | -3/Armory Repaired ---------- Adv. Powered Armor | 12% | -5/Factory Adv. Micro-nuke Launcher | 16% | -5/Factory Adv. Powered Armor | 7% | -5/Extension | Broken Adv. Plasma Cannon | 57% | -3/Research | Broken Cmb. Antigrav System | 39% | -3/Research Com. HERF Cannon | 1% | -2/Research Cmb. Antigrav System | 26% | -2/Research Com. HERF Cannon | 37% | -2/Research Cmb. Antigrav System | 35% | -2/Research | Broken Cmb. Antigrav System | 39% | -2/Quarantine Cmb. Antigrav System | 39% | -2/Quarantine Imp. Antigrav System | 18% | -2/Protoforge Imp. Heavy Armor Plating | 32% | -2/Protoforge Studied --------- Gravmag System | -6/Factory | Hacked Power Maul | -6/Factory | Hacked Proton Missile Launcher | -6/Factory | Hacked Lgt. Fission Core | -5/Factory | Hacked Fission Core | -5/Factory | Hacked Linear Gravjet | -5/Factory | Hacked Nuclear Pulse Array | -5/Factory | Hacked Magnetic Acceleration Cannon | -5/Factory | Hacked Antigrav System | -5/Factory | Hacked Cmb. Gravmag System | -5/Factory | Hacked Gyrokinetic Inverter | -5/Factory | Hacked Imp. Antigrav System | -5/Factory | Hacked Imp. Gravmag System | -5/Factory | Hacked Gravmag Array | -4/Factory | Hacked Antimatter Reactor | -4/Factory | Hacked Com. HERF Cannon | -3/Research | Hacked Antigrav Array | -3/Research | Hacked Hyb. Fission Core | -3/Research | Hacked Imp. Gyrokinetic Inverter | -3/Research | Hacked Lgt. Particle Reactor | -3/Research | Hacked Gamma Bomb Array | -3/Research | Hacked Cmb. Antigrav System | -2/Research | Hacked Hvy. Disruptor Cannon | -2/Research | Hacked Cmb. Linear Gravjet | -2/Research | Hacked Enh. Nova Cannon | -2/Protoforge | Hacked Lgt. Quantum Reactor | -2/Protoforge | Hacked Alien Tech Used ----------------- Matter Drive Sigix Broadsword Phase Redirector Core Cannon Subatomic Replicator Dimensional Node Initializer Transdimensional Reconstructor Achievements -------------- Better Safe Than Exploded Fine I'll Do It Myself Inventory(Loot) King Drone Please No, Not That Ride The Lightning Super-what Now? UFD MVP We Are One Challenges ------------ None Game ------ Seed DefenseReflexAssimilator Manual? 0 Play Time 07:25:39 Cumulative 415.9 hours Start 2026.04.13 @ 04:38:55 End 2026.04.16 @ 05:10:48 Sessions 29 Manual Loads 0 Difficulty Rogue Special Mode None Game No. 351 Rogue 315 Adventurer 36 Explorer 0 Win Type - Total 5 Types 2/0/0/1/0/0/0/2/0/0 Lore% 77 Gallery% 69 Achievement% 58 Wizard Run 0 Options --------- Layout 1 ASCII 0 Keyboard 0 Movement Numpad Keybinds 0 Fullscreen 1 Font 48/Smallcaps Map View 50x35 Zoom Use 0% Tactical HUD 1 Map Filters NONE Filters NONE Steam 1 RUN: e035a3ab-b24c-4e4f-a7ed-212aab4d7fb1